 Dungeon Crawl Stone Soup version 0.31-a0-851-g7ff8af7976 (webtiles) character file.

Game seed: 10417857404670036518

14626235 hikkokomori the Vine Stalker Barricade (level 27, 172/172 HPs)
             Began as a Vine Stalker Fighter on Oct 2, 2023.
             Was an Initiate of Gozag.
             Escaped with the Orb
             ... and 15 runes on Oct 6, 2023!
             The game lasted 06:55:59 (108337 turns).

hikkokomori the Vine Stalker Barricade (VSFi)     Turns: 108337, Time: 06:56:00

Health: 172/172    AC: 25    Str: 35    XL:     27
Magic:  52/52      EV: 48    Int:  8    God:    Gozag
Gold:   5643       SH: 53    Dex: 39    Spells: 34/64 levels left

rFire   + + +        W - +9 quick blade (venom)
rCold   + . .        X - +12 tower shield of the Orb {rF+ rCorr Int+3}
rNeg    + + +        N - +5 moon troll leather armour {Spirit, Regen++ MP+5}
rPois   +            u - +0 helmet "Qithistuff" {rN+ Regen+ Int-5 Dex+10}
rElec   .            I - scarf of the Salamander {+Inv, rN+ Str+4 Dex+2 Stlth-}
rCorr   +            t - +1 pair of gloves of Ycoa {Str+4 Dex+3 SInv}
SInv    +            n - +1 pair of boots "Qaidi" {rPois rC++ Will+}
Will    ++++.        F - amulet "Tomofali" {Reflect rN++ SH+5 Stlth-}
Stlth   +++          z - ring of the Tortoise {AC+8}
HPRegen 3.68/turn    D - ring "Wuidip" {rF++ rN+ Dex+6}
MPRegen 0.33/turn

%: reflection, guardian spirit
@: studying 3 skills
A: fangs 3, regeneration 1, magic shield, antimagic bite, no potion heal 2,
large bone plates 1, cold vulnerability 1, inability to drink after injury 2
0: Orb of Zot
}: 15/15 runes: decaying, slimy, silver, golden, iron, obsidian, icy, bone,
abyssal, demonic, glowing, magical, fiery, dark, gossamer
a: Renounce Religion, Evoke Invisibility, Potion Petition, Call Merchant, Bribe
Branch


You escaped.
You worshipped Gozag.
Gozag was greatly pleased with you.
You visited 18 branches of the dungeon, and saw 87 of its levels.
You visited Pandemonium 3 times, and saw 24 of its levels.
You visited the Abyss 4 times.
You visited 1 bazaar.
You also visited: Trove, Sewer, Bailey, Ice Cave and Volcano.

You collected 64210 gold pieces.
You spent 17966 gold pieces at shops.
You paid 40601 gold pieces to Gozag.

Inventory:

Hand Weapons
 a - the +18 lance "Wyrmbane" {slay drac, rPois rF+ rC+ AC+3}
   (You bought it in a shop in a bazaar)

   AC+3:      It affects your AC (+3).
   rF+:       It protects you from fire.
   rC+:       It protects you from cold.
   rPois:     It protects you from poison
 T - the +3 greatsling "Punk" {acid, rCorr}
   (You found it on level 3 of the Elven Halls)

   rCorr:     It protects you from acid and corrosion.
 W - a +9 quick blade of venom (weapon)
Missiles
 G - 6 throwing nets
Armour
 n - the +1 pair of boots "Qaidi" (worn) {rPois rC++ Will+}
   (You acquired it on level 3 of the Elven Halls)

   rC++:      It greatly protects you from cold.
   rPois:     It protects you from poison Will+: It increases your willpower.
 t - the +1 pair of gloves of Ycoa (worn) {Str+4 Dex+3 SInv}
   (You acquired it on level 8 of the Dungeon)

   Str+4:     It affects your strength (+4).
   Dex+3:     It affects your dexterity (+3).
   SInv:      It lets you see invisible.
 u - the +0 helmet "Qithistuff" (worn) {rN+ Regen+ Int-5 Dex+10}
   (You bought it in a shop on level 1 of the Spider Nest)

   Int-5:     It affects your intelligence (-5).
   Dex+10:    It affects your dexterity (+10).
   rN+:       It protects you from negative energy.
   Regen+:    It increases your rate of health regeneration.
 y - the +3 pair of mountain boots {steadfast, rC+}
   (You found it in a treasure trove)

   Steadfast: It prevents involuntary movement, except for blinking,
   teleportation, or banishment.
   rC+:       It protects you from cold.
 I - the scarf of the Salamander (worn) {+Inv, rN+ Str+4 Dex+2 Stlth-}
   (You found it on level 5 of the Vaults)

   Str+4:     It affects your strength (+4).
   Dex+2:     It affects your dexterity (+2).
   rN+:       It protects you from negative energy.
   Stlth-:    It makes you less stealthy.
 N - the +5 moon troll leather armour (worn) {Spirit, Regen++ MP+5}
   (You bought it in a shop on level 1 of the Spider Nest)

   MP+5:      It affects your magic capacity (+5).
   Regen++:   It increases your rate of health regeneration.
 R - +12 gold dragon scales
 X - the +12 tower shield of the Orb (worn) {rF+ rCorr Int+3}
   (You found it on level 5 of the Lair of Beasts)

   Int+3:     It affects your intelligence (+3).
   rF+:       It protects you from fire.
   rCorr:     It protects you from acid and corrosion.
Jewellery
 g - the ring "Qixas" {rPois rF+ Dex+6}
   (You found it in Pandemonium)

   [ring of dexterity]

   Dex+6:     It affects your dexterity (+6).
   rF+:       It protects you from fire.
   rPois:     It protects you from poison
 r - the dreamshard necklace {Acrobat *Dream}
   (You bought it in a shop on level 3 of the Elven Halls)

   [amulet of the acrobat]

   *Dream:    It absorbs a single lethal wound into itself, holding its wearer
   just short of death and releasing dream-creatures to guard them.
   Acrobat:   It increases your evasion while moving and waiting.
 z - the ring of the Tortoise (left hand) {AC+8}
   (You took it off a tengu reaver on level 5 of the Vaults)

   [ring of protection]

   AC+8:      It affects your AC (+8).
 B - the amulet "Naetetea" {Regen+ MP+9 Stlth+}
   (You bought it in a shop in a bazaar)

   [amulet of regeneration]

   MP+9:      It affects your magic capacity (+9).
   Regen+:    It increases your rate of health regeneration.
   Stlth+:    It makes you more stealthy.
 D - the ring "Wuidip" (right hand) {rF++ rN+ Dex+6}
   (You bought it in a shop in a bazaar)

   [ring of dexterity]

   Dex+6:     It affects your dexterity (+6).
   rF++:      It greatly protects you from fire.
   rN+:       It protects you from negative energy.
 F - the amulet "Tomofali" (around neck) {Reflect rN++ SH+5 Stlth-}
   (You found it on level 7 of Gehenna)

   [amulet of reflection]

   Reflect:   It reflects blocked missile attacks.
   rN++:      It greatly protects you from negative energy.
   SH+5:      It affects your SH (+5).
   Stlth-:    It makes you less stealthy.
 S - the ring "Lowao" {rPois rN+ Will+ EV+5}
   (You found it in Pandemonium)

   [ring of evasion]

   EV+5:      It affects your evasion (+5).
   rPois:     It protects you from poison rN+: It protects you from negative
   energy.
   Will+:     It increases your willpower.
 Y - the amulet of the Air {Inacc Air Fly rElec RMsl}
   (You bought it in a shop on level 2 of the Orcish Mines)

   [amulet of nothing]

   Inacc:     It reduces the accuracy of your attacks and spells.
   Air:       It enhances your air magic.
   rElec:     It insulates you from electricity.
   Fly:       It grants you flight.
   RMsl:      It protects you from missiles.
Talismans
 q - a talisman of death
Wands
 h - a wand of digging (9)
 l - a wand of flame (125)
 p - a wand of paralysis (62)
 E - a wand of roots (83)
 Q - a wand of acid (42)
 U - a wand of mindburst (71)
Scrolls
 f - 27 scrolls of teleportation
 o - 7 scrolls of enchant armour
 v - 14 scrolls of fear
 w - 2 scrolls of revelation
 H - 12 scrolls of fog
 K - 11 scrolls of blinking
 L - 10 scrolls of poison
 Z - 7 scrolls of summoning
Potions
 b - 5 potions of resistance
 d - 11 potions of might
 e - 11 potions of enlightenment
 i - 5 potions of mutation
 j - 33 potions of curing
 k - 9 potions of ambrosia
 m - 9 potions of cancellation
 s - 4 potions of magic
 x - 11 potions of brilliance
 A - 6 potions of haste
 O - 8 potions of invisibility
 V - 7 potions of berserk rage
Miscellaneous
 c - a figurine of a ziggurat
 C - a phantom mirror
 J - a lightning rod (4/4)
 M - a condenser vane (inert) (quivered)
 P - a sack of spiders


   Skills:
 + Level 26.6 Fighting
 + Level 17.4 Short Blades
 - Level 7.1 Polearms
 - Level 14.3 Ranged Weapons
 - Level 8.1 Throwing
 + Level 16.6 Armour
 + Level 24.3 Dodging
 + Level 25.0 Stealth
 O Level 27 Shields
 + Level 19.1 Spellcasting
 - Level 7.8 Conjurations
 - Level 1.9 Hexes
 - Level 12.5 Translocations
 - Level 13.3 Transmutations
 - Level 7.1 Air Magic
 - Level 16.7 Evocations
 - Level 23.0 Shapeshifting


You had 34 spell levels left.
You knew the following spells:

 Your Spells              Type           Power      Damage    Failure   Level
a - Confusing Touch       Hex            10%        N/A       9%          3
b - Wereblood             Tmut           28%        N/A       1%          2
c - Ignite Poison         Fire/Tmut/Pois 14%        N/A       3%          3
d - Passage of Golubria   Tloc           27%        N/A       1%          4
e - Irradiate             Conj/Tmut      12%        3d15      2%          5
f - Vhi's Electric Charg  Tloc/Air       46%        N/A       1%          4
g - Yara's Violent Unrav  Hex/Tmut       9%         3d6       8%          5
h - Passwall              Tmut/Erth      15%        N/A       1%          2
i - Blink                 Tloc           54%        N/A       1%          2

Your spell library contained the following spells:

 Spells                   Type           Power      Damage    Failure   Level
 Apportation              Tloc           54%        N/A       1%          1
 Foxfire                  Conj/Fire      52%        2x1d6     1%          1
 Kiss of Death            Conj/Necr      52%        2d9       1%          1
 Magic Dart               Conj           80%        1d7       1%          1
 Shock                    Conj/Air       76%        1d7       1%          1
 Sting                    Tmut/Pois      72%        1d6       1%          1
 Lesser Beckoning         Tloc           54%        N/A       1%          2
 Momentum Strike          Conj/Tloc      46%        3d9       1%          2
 Searing Ray              Conj           40%        2d5       1%          2
 Gell's Gravitas          Tloc           27%        N/A       1%          3
 Swiftness                Air            19%        N/A       1%          3
 Volatile Blastmotes      Fire/Tloc      34%        2d12      1%          3
 Poisonous Vapours        Pois/Air       26%        N/A       2%          2
 Dazzling Flash           Conj/Hex       30%        N/A       2%          3
 Mephitic Cloud           Conj/Pois/Air  15%        N/A       2%          3
 Cigotuvi's Dreadful Rot  Necr/Pois/Air  22%        N/A       3%          2
 Hailstorm                Conj/Ice       13%        3d5       3%          3
 Stone Arrow              Conj/Erth      26%        3d8       3%          3
 Airstrike                Air            9%         2d(2-18)  3%          4
 Dimensional Bullseye     Hex/Tloc       9%         N/A       3%          4
 Jinxbite                 Hex            20%        N/A       4%          2
 Petrify                  Tmut/Erth      18%        N/A       4%          4
 Freeze                   Ice            28%        1d5       6%          1
 Necrotise                Necr           28%        1d5       6%          1
 Sandblast                Erth           14%        2d6       6%          1
 Summon Small Mammal      Summ           28%        N/A       6%          1
 Iskenderun's Battlesphe  Conj           20%        2d7       7%          5
 Sigil of Binding         Hex            10%        N/A       9%          3
 Tukima's Dance           Hex            10%        N/A       9%          3
 Fulminant Prism          Conj/Hex       7%         3d6       9%          4
 Arcjolt                  Conj/Air       9%         1d19      9%          5
 Call Imp                 Summ           14%        N/A       10%         2
 Sublimation of Blood     Necr           7%         N/A       10%         2
 Alistair's Intoxication  Tmut/Pois      12%        N/A       12%         5
 Inner Flame              Hex/Fire       9%         N/A       13%         3
 Summon Guardian Golem    Hex/Summ       9%         N/A       13%         3
 Brom's Barrelling Bould  Conj/Erth      13%        2d4       13%         4
 Flame Wave               Conj/Fire      13%        2d6       13%         4
 Sticky Flame             Conj/Fire      13%        2d4       13%         4
 Summon Lightning Spire   Summ/Air       13%        N/A       14%         4
 Summon Forest            Summ/Tloc      8%         N/A       14%         5
 Call Canine Familiar     Summ           7%         N/A       19%         3
 Frozen Ramparts          Ice            14%        1d3       19%         3
 Ozocubu's Armour         Ice            7%         N/A       19%         3
 Freezing Cloud           Conj/Ice/Air   7%         6-21      22%         5
 Silence                  Hex/Air        7%         N/A       26%         5
 Cause Fear               Hex            5%         N/A       28%         4
 Fireball                 Conj/Fire      6%         3d5       34%         5
 Anguish                  Hex/Necr       4%         N/A       38%         4
 Leda's Liquefaction      Hex/Erth       4%         N/A       38%         4
 Conjure Ball Lightning   Conj/Air       9%         3x3d6     41%         6
 Animate Armour           Summ/Erth      14%        N/A       54%         4
 Dispel Undead            Necr           7%         3d8       54%         4
 Olgreb's Toxic Radiance  Pois           7%         N/A       54%         4
 Summon Ice Beast         Ice/Summ       7%         N/A       54%         4
 Eringya's Noxious Bog    Tmut/Pois      9%         4d6       54%         6
 Metabolic Englaciation   Hex/Ice        4%         N/A       75%         5
 Summon Mana Viper        Hex/Summ       9%         N/A       75%         5
 Agony                    Necr           7%         N/A       87%         5
 Borgnjor's Vile Clutch   Necr/Erth      3%         N/A       87%         5
 Bombard                  Conj/Erth      6%         9d2       89%         6
 Starburst                Conj/Fire      6%         6d4       89%         6
 Orb of Destruction       Conj           10%        9d6       91%         7
 Plasma Beam              Fire/Air       6%         2x1d17    92%         6
 Disjunction              Tloc           13%        N/A       94%         8
 Malign Gateway           Summ/Tloc      8%         N/A       99%         7
 Death Channel            Necr           3%         N/A       100%        6
 Enfeeble                 Hex            5%         N/A       100%        7
 Haunt                    Necr/Summ      3%         N/A       100%        7
 Monstrous Menagerie      Summ           3%         N/A       100%        7
 Ozocubu's Refrigeration  Ice            3%         4d8       100%        7
 Spellforged Servitor     Conj/Summ      6%         N/A       100%        7
 Summon Hydra             Summ           3%         N/A       100%        7
 Discord                  Hex            5%         N/A       100%        8
 Ignition                 Fire           3%         3d4       100%        8
 Infestation              Necr           3%         N/A       100%        8
 Lehudib's Crystal Spear  Conj/Erth      6%         10d3      100%        8
 Maxwell's Capacitive Co  Air            9%         ∞         100%        8
 Chain Lightning          Conj/Air       9%         3d12      100%        9
 Death's Door             Necr           3%         N/A       100%        9
 Dragon's Call            Summ           3%         N/A       100%        9
 Fire Storm               Conj/Fire      6%         8d2       100%        9
 Polar Vortex             Ice            3%         N/A       100%        9
 Shatter                  Erth           3%         3d7*      100%        9
 Animate Dead             Necr           Unusable   N/A       N/A         4
 Simulacrum               Ice/Necr       Unusable   N/A       N/A         6

Dungeon Overview and Level Annotations

Branches:
Dungeon (15/15)            Temple (1/1) D:5            Lair (5/5) D:8
  Swamp (4/4) Lair:3       Spider (4/4) Lair:2        Slime (5/5) Lair:4
    Orc (2/2) D:11            Elf (3/3) Orc:2        Vaults (5/5) D:14
  Crypt (3/3) Vaults:2       Tomb (3/3) Crypt:3      Depths (4/4) D:15
   Hell (visited)             Dis (7/7) Hell            Geh (7/7) Hell
    Coc (7/7) Hell            Tar (7/7) Hell            Zot (5/5) Depths:4
  Sewer (visited)          Bailey (visited)           IceCv (visited)
Volcano (visited)

Altars:
Ashenzari
Cheibriados
Dithmenos
Elyvilon
Fedhas
Gozag
Hepliaklqana
Kikubaaqudgha
Makhleb
Nemelex Xobeh
Okawaru
Qazlal
Ru
Sif Muna
Trog
Uskayaw
Vehumet
Wu Jian
Xom
Yredelemnul
Zin
The Shining One
Lugonu

Shops:
D:3 [   D:10 ?   D:12 =   Orc:2 [*(:[=   Elf:1 *   Elf:3 *=[:=:*   Lair:2 (*
Spider:1 [   Vaults:2 **=   Vaults:3 (   Depths:2 ==[==?=   Depths:4 (

Portals:
Hell: Depths:1 Depths:2 Depths:3 Depths:4
Abyss: Depths:2 Depths:3 Depths:4
Pandemonium: Depths:2
Ziggurat: Depths:4

Annotations:
Zot:2 2 transporters, exclusion: 2 orange crystal statues, Civybe Ogenn's ghost, legendary DsFi; Ygyeth Femmu's ghost, veteran MiBe
Zot:3 1 runed translucent door


Innate Abilities, Weirdness & Mutations

You have razor-sharp teeth.
Your natural rate of healing is unusually fast.
When hurt, damage is shared between your health and your magic reserves.
Your bite disrupts and absorbs the magic of your enemies.
Potions cannot restore your health.
You are partially covered in large bone plates. (SH +4)
You are vulnerable to cold. (rC-)
You sometimes lose the ability to drink potions when taking damage.


Message History

You bite the demonspawn corrupter! You drain its power.
You barely miss the demonspawn corrupter.
You bite the demonspawn corrupter! You drain its power.
The demonspawn corrupter is almost dead.
Unknown command.
You hit the demonspawn corrupter but do no damage.
The demonspawn corrupter looks as sick as possible!
You bite the demonspawn corrupter!
You kill the demonspawn corrupter!
No target in view!
Unknown command.
No target in view!
You now have 5643 gold pieces (gained 24).
Items here: ))) [[.
Items here: ))) [[.
Okay, then.
There is an escape hatch in the ceiling here.
Unknown command.
Unknown command.
Unknown command.
Unknown command.
Unknown command.
Unknown command.
Unknown command.
Unknown command.
A mysterious force pulls you upwards. The hatch slams shut behind you.
What level of the Dungeon? (default 1, ? - help)
There is a stone staircase leading up here.
You are no longer corroded.
You climb upwards.
There is a stone staircase leading down here.
Aiming: Dig
Press: ? - help, Shift-Dir - straight line A rock wall.
This square is covered in magical glow.
The rock shatters into small pieces.
The swamp drake roars!
You hear a howl!
You hear an angry buzzing noise.
The black bear growls angrily.
There is a staircase leading out of the dungeon here.
You have escaped!

#.# #.#.####.# #.## #.#
#.#......# #.## #.#
#.##########.## #.# #.#
#........ #.# #.# #........
##########.#######.#
#.####..#
#..................# #.#
#..#
#.########################
#..# #.# #@........#####..#
#.# ########............
#.#
#####.............######
#.# #.#...............# #
#.## #.#.8..#######..8.# ##
#..#
#.#....#yhhkN#....#####.
##.#
##.#.8..#######..8.#....#
#.#
###..#...............#####.
#.# #....###.8.......8.###
##


There were no monsters in sight!

Vanquished Creatures
  Cerebov (Pan)
  Antaeus (Coc:7)
  Asmodeus (Geh:7)
  the Royal Jelly (Slime:5)
  Gloorx Vloq (Pan)
  Lom Lobon (Pan)
  Ereshkigal (Tar:7)
  A seraph (D:15)
  Mnoleg (Pan)
  the Serpent of Hell (Dis:7)
  14 dread liches
  9 orbs of fire
  Khufu (Crypt:1)
  Dispater (Dis:7)
  3 ancient liches
  Mara (Spider:3)
  2 juggernauts (Dis:7)
  Mennas (Pan)
  Josephina (Crypt:3)
  The ghost of Vyqe the Cryomancer, a master MfIE of Vehumet (Zot:3)
  36 royal mummies
  15 pandemonium lords
  Parghit (Zot:3)
  Vv (Crypt:3)
  4 Killer Klowns
  29 shard shrikes
  2 curse toes
  44 caustic shrikes
  The ghost of benadryl the Spawn of Chaos, an adept TrSh of Makhleb (Vaults:4)
  the Lernaean hydra (Swamp:4)
  Geryon (Hell)
  12 golden dragons
  10 profane servitors
  8 bone dragons
  Jory (Crypt:1)
  A pearl dragon (Pan)
  the Enchantress (Depths:1)
  Arachne (Spider:3)
  5 doom hounds
  24 Brimstone Fiends
  27 Tzitzimimeh
  34 Hell Sentinels
  11 hellephants
  23 Ice Fiends
  23 iron giants
  20 tainted leviathans
  2 spectral shard shrikes
  5 electric golems
  Rupert (Lair:4)
  18 tentacled monstrosities
  28 Orb Guardians
  8 liches
  Asterion (Spider:1)
  2 deep elf master archers (Elf:3)
  8 quicksilver dragons
  4 deep elf blademasters (Elf:3)
  19 titans
  14 death cobs
  11 searing wretches
  22 acid blobs
  The ghost of Feshunla the Bewitcher, an adept KoEn of Dithmenos (Vaults:1)
  14 sphinxes
  29 Executioners (Pan)
  Murray (Depths:1)
  31 ancient champions
  An eldritch tentacle (Zot:2)
  6 tentacled starspawn
  2 thorn hunters (Swamp:3)
  7 draconian monks
  A fenstrider witch (Swamp:3)
  6 tengu reavers
  2 revenants
  11 shadow dragons
  Roxanne (Elf:2)
  12 demonspawn warmongers
  6 rockslimes (Slime:5)
  19 fire giants
  15 azure jellies
  22 storm dragons
  8 narguns
  A daeva (Pan)
  14 frost giants
  3 iron dragons
  5 draconian knights
  8 draconian scorchers
  19 quicksilver elementals
  2 emperor scorpions
  A frost giant (shapeshifter) (Depths:4)
  51 balrugs
  18 ghost moths
  12 deep elf sorcerers
  5 angels
  18 vault wardens
  A spectral caustic shrike (Tar:4)
  9 shard shrike simulacra
  5 deep elf elementalists
  8 draconian shifters
  4 curse skulls
  4 orc warlords
  9 draconian stormcallers
  10 ghouls
  30 cacodemons (Pan)
  19 draconian annihilators
  25 very ugly things
  17 demonspawn corrupters
  7 quicksilver oozes (Slime:5)
  4 spriggan defenders
  A broodmother (Spider:2)
  29 stone giants
  16 ironbound preservers
  A caustic shrike skeleton (Crypt:2)
  28 reapers
  13 demonspawn blood saints (Pan)
  6 formless jellyfish
  31 war gargoyles
  8 apis (Pan)
  34 lorocyprocas
  Nessos (Lair:5)
  6 vampire knights
  11 green draconians
  6 ironbound thunderhulks
  20 putrid mouths
  8 deep elf demonologists
  13 black draconians
  8 eleionomae
  21 elemental wellsprings
  13 wendigos
  23 demonspawn black suns (Pan)
  11 white draconians
  5 dire elephants
  4 bunyips
  11 deep elf annihilators
  8 red draconians
  The ghost of demibob the Brawler, a journeyman DrCK of Xom (Lair:3)
  9 yellow draconians
  12 bennus
  18 purple draconians
  7 spark wasps
  13 ettins
  26 iron golems
  7 deep elf death magi
  5 eidola
  23 blizzard demons (Pan)
  21 green deaths
  28 mummy priests
  11 fire dragons
  8 crystal guardians
  28 jiangshi
  A spectral quicksilver dragon (Tar:4)
  6 deep elf high priests (Elf:3)
  19 yaktaur captains
  A spriggan zombie (Tomb:2)
  A spectral spriggan (Tar:5)
  A spectral iron giant (Tar:1)
  2 shambling mangroves
  7 entropy weavers
  8 great orbs of eyes
  14 ice dragons
  8 peacekeepers
  20 hydras
  Fannar (Lair:2)
  30 vault guards
  A quicksilver dragon skeleton (Pan)
  2 radroaches
  9 caustic shrike simulacra
  A fenstrider witch zombie (Crypt:1)
  2 jorogumos
  6 spriggan air magi
  The ghost of randomguy2701 the Tainter, a journeyman GnWn of Gozag (D:10)
  An Orb Guardian zombie (Crypt:1)
  4 rakshasas
  Erolcha (D:11)
  A catoblepas (shapeshifter) (Depths:3)
  11 hell beasts
  5 ogre magi
  4 death knights
  13 salamander tyrants
  A ghost crab (Swamp:4)
  8 boulder beetles
  6 juggernaut simulacra
  A fenstrider witch skeleton (Crypt:1)
  10 ironbound frosthearts
  7 stokers
  29 dancing weapons
  11 centaur warriors
  A spectral stone giant (Tar:1)
  A catoblepas (Lair:2)
  13 deep troll shamans
  5 death yaks
  8 tengu warriors
  8 alligators
  11 two-headed ogres
  33 death scarabs
  9 deep troll earth magi
  The ghost of bahustanut the Fencer, a journeyman TeMo of Trog (D:10)
  9 vampire magi
  33 demonic crawlers
  24 hell hogs
  6 orc high priests
  14 hell knights
  15 thrashing horrors (Abyss:5)
  Nergalle (Lair:2)
  2 titan zombies
  21 deep elf knights
  6 spriggan berserkers
  3 shock serpents (Pan)
  73 soul eaters
  A bennu skeleton (Crypt:2)
  11 iron trolls
  The ghost of Lysca the Skirmisher, a novice DEFE of Okawaru (D:10)
  13 crystal echidnas
  25 shadow wraiths
  132 sun demons
  8 goliath frogs
  31 sixfirhies
  41 skeletal warriors
  6 pharaoh ants
  2 sun moths
  11 shadow demons
  2 spatial maelstroms (Abyss:5)
  42 deep trolls
  2 skysharks
  3 wretched stars (Abyss:5)
  3 anaconda zombies
  8 flayed ghosts
  2 quicksilver dragon simulacra (Coc:7)
  2 cherubim
  8 orb spiders
  An elf simulacrum (Coc:1)
  2 spriggan druids
  A death drake (Swamp:4)
  6 glowing orange brains
  17 swamp dragons
  4 spriggan simulacra
  A swamp dragon (shapeshifter) (Depths:4)
  An anaconda skeleton (Volcano)
  An orange crystal statue (Hell)
  7 bog bodies
  6 lindwurms
  10 wizards
  4 harpies (Vaults:3)
  10 ironbound convokers
  20 deep elf archers
  4 steelbarb worms
  4 alligator zombies (Hell)
  12 phantasmal warriors
  10 necromancers
  53 ugly things
  33 deep elf pyromancers
  42 deep elf zephyrmancers
  A human zombie (Vaults:1)
  A sphinx simulacrum (Vaults:1)
  5 orc sorcerers
  An iron giant skeleton (Crypt:1)
  5 manticores
  14 orc knights
  23 wolf spiders
  A spectral ettin (Tar:4)
  5 shining eyes
  7 cyclopes
  29 moths of wrath
  A draconian skeleton (Pan)
  A worldbinder (Abyss:6)
  3 will-o-the-wisps
  8 titan simulacra
  A centaur zombie (Crypt:1)
  16 vault sentinels
  9 elephants
  A spectral centaur (Crypt:3)
  8 ice statues
  A storm dragon simulacrum (Coc:1)
  4 eyes of devastation
  5 torpor snails
  An apocalypse crab (Abyss:5)
  Psyche (D:8)
  6 rust devils
  A torpor snail (shapeshifter) (Vaults:5)
  9 cane toads
  2 stone giant skeletons
  51 hellions
  45 orange demons
  3 black mambas
  10 molten gargoyles
  82 smoke demons
  8 unseen horrors
  A bunyip simulacrum (Coc:2)
  An alligator snapping turtle skeleton (Pan)
  6 komodo dragons
  Maggie (Lair:2)
  6 gargoyles
  48 yaktaurs
  5 rime drakes
  A sea snake zombie (Hell)
  An elf skeleton (Vaults:1)
  A kobold demonologist (D:13)
  10 efreet (Pan)
  40 tormentors
  An iron giant simulacrum (Coc:7)
  2 tengu conjurers
  9 anaconda simulacra
  19 ice devils
  A redback zombie (Crypt:1)
  8 freezing wraiths
  3 ancient zymes
  A black draconian zombie (Crypt:2)
  2 golden dragon simulacra
  2 hydra zombies (Hell)
  44 guardian mummies
  2 spectral harpies
  38 hellwings (Pan)
  13 red devils (Pan)
  A harpy zombie (Tomb:3)
  A silent spectre (Tar:4)
  5 meliai
  9 trolls
  A tyrant leech (shapeshifter) (Abyss:5)
  A polar bear (shapeshifter) (Orc:2)
  A tengu simulacrum (Crypt:1)
  68 large abominations
  4 tyrant leeches
  7 polar bears
  32 hornets
  Grinder (D:2)
  2 shadow dragon simulacra
  26 tarantellas
  5 harpy skeletons
  15 raiju
  14 dream sheep
  13 blink frogs
  2 iron dragon simulacra
  4 centaur simulacra
  An ettin zombie (Crypt:1)
  58 slime creatures
  A jumping spider (shapeshifter) (Abyss:4)
  18 culicivoras
  A culicivora (shapeshifter) (D:14)
  69 flying skulls
  23 jumping spiders
  2 stone giant simulacra
  2 shadows (Crypt:3)
  11 water elementals
  3 air elementals
  33 spriggans
  Sigmund (D:3)
  11 wraiths
  A yak (shapeshifter) (D:15)
  7 dire elephant simulacra
  5 naga simulacra
  A basilisk (Lair:1)
  36 yaks
  25 ushabtiu
  3 wyverns
  58 ynoxinuls
  4 fire bats (Pan)
  37 neqoxecs
  A hog (shapeshifter) (Elf:1)
  A golden eye (D:8)
  3 steam dragons
  46 redbacks
  A yaktaur simulacrum (Vaults:1)
  A fire elemental (Elf:2)
  16 vampire mosquitoes
  An alligator snapping turtle simulacrum (Coc:1)
  44 chaos spawn
  Grum (D:10)
  10 wargs
  A death yak simulacrum (IceCv)
  21 swamp worms
  A two-headed ogre zombie (Crypt:2)
  A spatial vortex (Abyss:5)
  17 harpy simulacra
  16 hell hounds
  4 hydra simulacra
  2 acid dragons
  12 water moccasins
  A faun skeleton (Crypt:1)
  A floating eye (shapeshifter) (Vaults:4)
  5 small abominations
  6 swamp drakes (Swamp:4)
  44 orc warriors
  6 black bears
  A fire bat skeleton (Crypt:2)
  4 ice beasts
  2 sky beasts
  A swamp dragon zombie (Crypt:1)
  9 boggarts
  A boggart (shapeshifter) (Vaults:5)
  4 ettin simulacra
  14 ogres
  9 centaurs
  25 wolves
  A draconian zombie (Crypt:1)
  9 kobold brigands
  7 necrophages
  17 bullfrogs
  4 earth elementals
  9 scorpions
  4 killer bees (D:10)
  A water moccasin skeleton (Crypt:1)
  6 troll skeletons
  A troll zombie (Swamp:1)
  2 spriggan skeletons
  5 howler monkeys
  2 electric eels (Elf:3)
  11 crimson imps
  3 jellies
  3 centaur skeletons
  19 orc priests
  3 hounds (D:5)
  45 starcursed masses
  3 iguanas
  27 orc wizards
  A sickly merfolk siren (Sewer)
  3 polar bear simulacra (IceCv)
  A malarious merfolk avatar (Sewer)
  A wolf simulacrum (IceCv)
  3 naga skeletons
  41 mummies
  9 gnolls
  9 adders
  A river rat (Sewer)
  A shadow imp (Tar:7)
  A white imp (D:7)
  2 ufetubi
  An adder skeleton (Crypt:1)
  5 worms
  3 dart slugs
  91 orcs
  8 endoplasms
  5 giant cockroaches
  2 goblins (Bailey)
  11 hobgoblins
  5 quokkas
  8 ball pythons
  4 bats
  8 frilled lizards
  A frilled lizard zombie (Crypt:1)
  30 kobolds
  25 rats
  A rat skeleton (Crypt:2)
  A ball lightning (Pan)
  3 creeping infernos
  9 fire vortices
  5 starspawn tentacles (Abyss:5)
4806 creatures vanquished.

Vanquished Creatures (collateral kills)
  A Killer Klown (Zot:3)
  A draconian stormcaller (Zot:2)
  2 white draconians (Zot:2)
  A hydra (Swamp:1)
  A soul eater (Pan)
  A hell knight (Hell)
  A will-o-the-wisp (Swamp:1)
  2 moths of wrath
  A neqoxec (Pan)
11 creatures vanquished.

Vanquished Creatures (others)
  A golden dragon (Zot:5)
  An eldritch tentacle (Pan)
  A shadow dragon (Vaults:5)
  A draconian knight (Zot:1)
  2 shard shrike simulacra (Coc:7)
  3 elemental wellsprings
  A black draconian (Zot:1)
  2 white draconians
  A blizzard demon (Pan)
  2 caustic shrike simulacra
  A stoker (Geh:7)
  4 deep elf knights
  A deep elf archer (Elf:3)
  A spriggan simulacrum (Coc:7)
  3 deep elf zephyrmancers
  2 deep elf pyromancers
  An iron giant simulacrum (Coc:2)
  A bloated husk (Swamp:2)
  An iron dragon simulacrum (Coc:7)
  A hornet (shapeshifter) (Abyss:4)
  A centaur simulacrum (Coc:2)
  A culicivora (Spider:4)
  A dire elephant simulacrum (Coc:7)
  A redback (Spider:4)
  A warg (Elf:3)
  A hell hound (Depths:4)
  2 ball lightnings (Pan)
  3 creeping infernos
  A fire vortex (Pan)
  25 foxfires
  A lurking horror (Abyss:4)
  14 starspawn tentacles
83 creatures vanquished.

Grand Total: 4900 creatures vanquished

Notes
Turn   | Place    | Note
-------+----------+-------------------------------------------
     0 | D:1      | hikkokomori the Vine Stalker Fighter began the quest for
                  | the Orb.
     0 | D:1      | Reached XP level 1. HP: 11/11 MP: 2/2
     6 | D:1      | Noticed a black bear
     6 | D:1      | Noticed a swamp drake
     6 | D:1      | Noticed a salamander
     7 | D:1      | Noticed a killer bee
     7 | D:1      | Noticed a wolf
   267 | D:1      | Reached XP level 2. HP: 16/16 MP: 3/3
   415 | D:1      | Reached skill level 3 in Shields
   730 | D:2      | Reached XP level 3. HP: 20/20 MP: 4/4
   753 | D:2      | Found a faded altar of an unknown god.
  1044 | D:2      | Reached XP level 4. HP: 12/24 MP: 2/5
  1308 | D:3      | Noticed Grinder
  1339 | D:2      | Paralysed by Grinder for 2 turns
  1346 | D:2      | Paralysed by Grinder for 4 turns
  1352 | D:2      | Killed Grinder
  1353 | D:2      | Reached skill level 4 in Shields
  1353 | D:2      | Reached XP level 5. HP: 7/29 MP: 2/6
  1353 | D:2      | Reached XP level 6. HP: 8/33 MP: 2/7
  1401 | D:3      | Found Soysuume's Antique Armour Boutique.
  2000 | D:3      | Learned a level 3 spell: Confusing Touch
  2000 | D:3      | Noticed Sigmund
  2005 | D:3      | Found a shimmering blue altar of Sif Muna.
  2016 | D:3      | Killed Sigmund
  2017 | D:3      | Reached skill level 1 in Evocations
  2017 | D:3      | Reached XP level 7. HP: 33/38 MP: 8/8
  2134 | D:3      | Found a snail-covered altar of Cheibriados.
  2370 | D:4      | Found a hazy altar of Hepliaklqana.
  2436 | D:4      | Found a glowing drain.
  2455 | Sewer    | Entered a sewer
  2695 | Sewer    | Reached skill level 1 in Hexes
  2699 | Sewer    | Reached skill level 1 in Spellcasting
  3443 | D:5      | Entered Level 5 of the Dungeon
  3618 | D:5      | Reached skill level 5 in Fighting
  3697 | D:5      | Reached skill level 5 in Shields
  3697 | D:5      | Gained mutation: You have razor-sharp teeth. [Vine Stalker
                  | growth]
  3697 | D:5      | Reached XP level 8. HP: 37/43 MP: 10/12
  3773 | D:5      | Reached skill level 1 in Ranged Weapons
  3928 | D:5      | Found a staircase to the Ecumenical Temple.
  3973 | Temple   | Entered the Ecumenical Temple
  3992 | Temple   | Became a worshipper of Gozag Ym Sagoz the Greedy
  4094 | D:5      | Found a shimmering altar of Xom.
  4352 | D:5      | Reached skill level 5 in Short Blades
  4594 | D:6      | Reached XP level 9. HP: 48/48 MP: 15/15
  4733 | D:6      | Reached skill level 6 in Shields
  4980 | D:3      | Bought a glimmering chain mail for 256 gold pieces
  4980 | D:3      | Identified the +5 chain mail of Xubrestra {rN++ Str-4
                  | Int+5} (You bought it in a shop on level 3 of the Dungeon)
  5383 | D:7      | Found a stormy altar of Qazlal.
  5842 | D:7      | Reached skill level 5 in Spellcasting
  5950 | D:8      | Identified a scroll of acquirement
  5950 | D:8      | Acquired the +1 pair of gloves of Ycoa {Str+4 Dex+3 SInv}
  6242 | D:8      | Reached skill level 1 in Dodging
  6242 | D:8      | Reached XP level 10. HP: 53/53 MP: 18/18
  6282 | D:8      | Found a flagged portal.
  6289 | Bailey   | Entered a bailey
  6294 | Bailey   | Noticed an orc warlord
  6461 | Bailey   | Found a runed translucent gate.
  6467 | Bailey   | Found a runed translucent gate.
  6482 | Bailey   | Found a runed translucent gate.
  6668 | Bailey   | HP: 2/55 [orc warlord/+7 broad axe (10)]
  6670 | Bailey   | Killed an orc warlord
  6757 | Bailey   | Reached skill level 5 in Armour
  6757 | Bailey   | Reached XP level 11. HP: 60/60 MP: 19/19
  6939 | D:8      | Found a staircase to the Lair.
  6978 | D:8      | Noticed Psyche
  7000 | D:8      | Paralysed by Psyche for 3 turns
  7008 | D:8      | Killed Psyche
  7009 | D:8      | Reached skill level 5 in Dodging
  7098 | D:8      | Paralysed by a hornet for 2 turns
  8218 | D:9      | You fall into a shaft and drop 1 floor!
  8218 | D:10     | Entered Level 10 of the Dungeon
  8377 | D:10     | Noticed Grum
  8406 | D:10     | Killed Grum
  8485 | D:10     | Found The Oracle's Delphic Readings.
  8489 | D:10     | Bought a scroll of identify for 32 gold pieces
  8489 | D:10     | Bought a scroll of identify for 32 gold pieces
  8571 | D:10     | Found a blossoming altar of Fedhas.
  8847 | D:10     | Found a runed translucent gate.
  8847 | D:10     | Found a runed translucent gate.
  8906 | D:10     | Found a runed translucent gate.
  8908 | D:10     | Noticed randomguy2701's ghost (journeyman GnWn)
  8908 | D:10     | Noticed bahustanut's ghost (journeyman TeMo)
  8908 | D:10     | Noticed Lysca's ghost (novice DEFE)
  9237 | Lair:1   | Entered Level 1 of the Lair of Beasts
  9303 | Lair:1   | Reached XP level 12. HP: 35/67 MP: 18/20
  9972 | Lair:1   | Reached skill level 10 in Fighting
 10421 | Lair:2   | Reached skill level 10 in Short Blades
 10436 | Lair:2   | Reached skill level 5 in Evocations
 10448 | Lair:2   | Noticed a death yak
 10470 | Lair:2   | Killed a death yak
 10535 | Lair:2   | Noticed a catoblepas
 10555 | Lair:2   | Killed a catoblepas
 10616 | Lair:2   | Noticed Maggie
 10649 | Lair:2   | Killed Maggie
 10662 | Lair:2   | Found a hole to the Spider Nest.
 10776 | Lair:2   | Reached XP level 13. HP: 72/73 MP: 21/21
 10794 | Lair:2   | Noticed Fannar
 10825 | Lair:2   | Killed Fannar
 10856 | Lair:2   | Found a dark tunnel.
 10867 | Volcano  | Entered a volcano
 11503 | Lair:2   | Bought a scroll labelled HAYVYH IBREK for 21 gold pieces
 11657 | Lair:2   | Noticed Nergalle
 11678 | Lair:2   | Killed Nergalle
 12263 | Lair:2   | Bought a glowing rapier for 231 gold pieces
 12632 | Lair:3   | Found a runed translucent gate.
 12652 | Lair:3   | Found a runed translucent gate.
 12652 | Lair:3   | Noticed demibob's ghost (journeyman DrCK)
 12653 | Lair:3   | Found a runed translucent gate.
 12876 | Lair:3   | Found a staircase to the Swamp.
 13206 | Lair:4   | Identified the +0 leather armour "Vezanuy" {-Cast rCorr
                  | Dex+4 Stlth-}
 13245 | Lair:4   | Found a frozen archway.
 13362 | IceCv    | Entered an ice cave
 13717 | IceCv    | Reached XP level 14. HP: 80/80 MP: 22/22
 13915 | Lair:4   | Noticed Rupert
 13927 | Lair:4   | Killed Rupert
 13964 | Lair:4   | Found a staircase to the Slime Pits.
 14814 | Lair:5   | Entered Level 5 of the Lair of Beasts
 15298 | D:11     | Identified the +5 quarterstaff of Caustic Conscience
                  | {freeze, rCorr}
 15318 | D:11     | Noticed Erolcha
 15330 | D:11     | Killed Erolcha
 15502 | D:11     | Found a staircase to the Orcish Mines.
 15756 | Orc:1    | Entered Level 1 of the Orcish Mines
 16253 | Lair:5   | Identified the +12 tower shield of the Orb {rF+ rCorr
                  | Int+3}
 16254 | Lair:5   | Noticed Nessos
 16276 | Lair:5   | Killed Nessos
 16429 | Lair:5   | Reached skill level 7 in Shields
 16615 | Lair:5   | Reached skill level 8 in Shields
 16889 | Lair:5   | Reached XP level 15. HP: 86/86 MP: 23/23
 17121 | Lair:5   | Identified the +1 lajatang of Intuition {heavy, Fragile
                  | Str+7 Dex+4}
 17155 | Lair:5   | Reached skill level 9 in Shields
 17737 | Orc:2    | Entered Level 2 of the Orcish Mines
 18139 | Orc:2    | Reached skill level 10 in Shields
 18150 | Orc:2    | Noticed an orc warlord
 18208 | Orc:2    | Killed an orc warlord
 18504 | Orc:2    | Found Eraq's Book Shoppe.
 18520 | Orc:2    | Found Deliebis's General Store.
 18530 | Orc:2    | Bought a potion of mutation for 128 gold pieces
 18549 | Orc:2    | Learned a level 2 spell: Wereblood
 18640 | Orc:2    | Reached skill level 1 in Transmutations
 18722 | Orc:2    | Found a staircase to the Elven Halls.
 18888 | Orc:2    | Found Bawousm's Antique Armour Shoppe.
 18961 | Orc:2    | Found a transporter.
 18961 | Orc:2    | Found Jereahe's Armour Shoppe.
 19027 | Orc:2    | Found Xyuzoefih's Antique Weapon Shoppe.
 19068 | Orc:2    | Found a transporter.
 19177 | Elf:1    | Entered Level 1 of the Elven Halls
 19226 | Elf:1    | Paralysed by an air elemental for 1 turns
 19303 | Elf:1    | Paralysed by an air elemental for 1 turns
 19313 | Orc:2    | Paralysed by an air elemental for 1 turns
 19339 | Orc:2    | Bought the ring "Cuplyur" {Ice Drain rElec rPois rCorr} for
                  | 518 gold pieces
 19742 | Elf:1    | Reached skill level 11 in Shields
 20123 | Elf:1    | Paralysed by an air elemental for 1 turns
 20130 | Elf:1    | Paralysed by an air elemental for 1 turns
 20142 | Elf:1    | Noticed a deep elf sorcerer
 20165 | Elf:1    | Killed a deep elf sorcerer
 20261 | Elf:1    | Found Pogi's General Store.
 20269 | Elf:1    | Bought a wand of digging (5) for 378 gold pieces
 20269 | Elf:1    | Bought a wand of paralysis (6) for 259 gold pieces
 20506 | Elf:1    | Noticed a deep elf elementalist
 20519 | Elf:1    | Killed a deep elf elementalist
 20735 | D:12     | Found Opuelu's Jewellery Emporium.
 20801 | D:12     | Reached XP level 16. HP: 52/92 MP: 19/27
 21630 | D:13     | Identified the +2 buckler "Gimooz" {Slay+3}
 21907 | D:13     | Reached skill level 10 in Evocations
 22137 | D:13     | Reached skill level 5 in Transmutations
 22357 | D:14     | Found a gate to the Vaults.
 23354 | D:15     | Entered Level 15 of the Dungeon
 23782 | D:15     | Found a staircase to the Depths.
 24467 | Spider:1 | Entered Level 1 of the Spider Nest
 24467 | Spider:1 | Noticed Asterion
 24478 | Spider:1 | Killed Asterion
 24671 | Spider:1 | Reached skill level 12 in Shields
 24763 | Spider:1 | You fall into a shaft and drop 1 floor!
 25528 | Spider:2 | Reached XP level 17. HP: 86/98 MP: 28/28
 27635 | Spider:3 | Noticed Mara
 27852 | Spider:3 | Noticed Arachne
 27876 | Spider:3 | Killed Arachne
 27966 | Spider:4 | Entered Level 4 of the Spider Nest
 28125 | Spider:3 | Noticed hikkokomori's illusion
 28165 | Spider:3 | Killed Mara
 28688 | Swamp:1  | Entered Level 1 of the Swamp
 28863 | Swamp:1  | Reached skill level 15 in Fighting
 29674 | Swamp:2  | Reached skill level 13 in Shields
 29702 | Swamp:2  | Reached XP level 18. HP: 65/104 MP: 25/29
 31450 | Swamp:4  | Entered Level 4 of the Swamp
 32460 | Swamp:4  | Noticed the 27-headed Lernaean hydra
 33328 | Swamp:4  | Reached skill level 10 in Transmutations
 33546 | Swamp:4  | Killed the 27-headed Lernaean hydra
 33631 | Swamp:4  | Got a decaying rune of Zot
 33837 | Spider:1 | Bought a steaming helmet for 323 gold pieces
 33837 | Spider:1 | Identified the +0 helmet "Qithistuff" {rN+ Regen+ Int-5
                  | Dex+10} (You bought it in a shop on level 1 of the Spider
                  | Nest)
 33837 | Spider:1 | Bought the +5 moon troll leather armour {Spirit, Regen++
                  | MP+5} for 2023 gold pieces
 33837 | Spider:1 | Found the +5 moon troll leather armour {Spirit, Regen++
                  | MP+5}
 33967 | Spider:4 | Reached XP level 19. HP: 102/109 MP: 26/30
 34385 | Spider:4 | Reached skill level 14 in Shields
 34887 | Spider:4 | Identified the +0 hat of Gozag's Vengeance {Contam rN+
                  | Regen+ Int+4 Dex+2}
 34896 | Spider:4 | Identified the -2 hat of Absence {rC+ Str-5 SInv}
 34912 | Spider:4 | Got a gossamer rune of Zot
 35683 | Elf:2    | Noticed Roxanne
 35716 | Elf:2    | Killed Roxanne
 36128 | Elf:2    | Found a runed translucent gate.
 36128 | Elf:2    | Found a runed translucent gate.
 36129 | Elf:2    | Found a runed translucent gate.
 37093 | Elf:3    | Entered Level 3 of the Elven Halls
 37123 | Elf:3    | Reached skill level 15 in Shields
 37163 | Elf:3    | Found Bent's Jewellery Boutique.
 37164 | Elf:3    | Found Ceunuinn's Book Shoppe.
 37164 | Elf:3    | Found Zoigiu's Book Shoppe.
 37185 | Elf:3    | Bought a pair of faintly humming boots for 171 gold pieces
 37185 | Elf:3    | Identified the +0 pair of boots of Beogh's Condemnation
                  | {*Corrode rF+ Str+2 Dex+2} (You bought it in a shop on
                  | level 3 of the Elven Halls)
 37185 | Elf:3    | Bought a distressingly furry chain mail for 171 gold pieces
 37185 | Elf:3    | Identified the +0 chain mail "Puwemporua" {Harm Str+4
                  | Slay+2} (You bought it in a shop on level 3 of the Elven
                  | Halls)
 37244 | Elf:3    | Reached XP level 20. HP: 116/116 MP: 31/31
 38408 | Abyss:4  | Cast into level 4 of the Abyss (a deep elf sorcerer)
 38616 | Abyss:4  | Paralysed by accursed screaming for 1 turns
 38722 | Elf:3    | Escaped the Abyss
 39198 | Elf:3    | Reached skill level 16 in Shields
 39242 | Elf:3    | Identified the +10 flail of Qouddet {pain, +Blink Will+}
 39411 | Elf:3    | Found the +3 greatsling "Punk" {acid, rCorr}
 39432 | Elf:3    | Identified the staff "Zafure" {rElec Will+ Earth}
 39438 | Elf:3    | Identified the staff "Guskif" {rC+ Will++ Ice}
 39439 | Elf:3    | Identified the +5 quarterstaff "Wooxed" {drain, *Rage rPois
                  | rF+++ Dex+3}
 39450 | Elf:3    | Got an uncut book
 39452 | Elf:3    | Identified the +2 long sword of the Tent {vamp, rF+ rC+ rN+
                  | Dex+3}
 39454 | Elf:3    | Identified the +9 dagger of the Butterfly {holy, rC++
                  | rCorr}
 39490 | Elf:3    | Identified the +2 pair of gloves of Gozag's Wrath {Str+5
                  | Dex-5}
 39504 | Elf:3    | Acquired the +1 pair of boots "Qaidi" {rPois rC++ Will+}
 39505 | Elf:3    | Acquired a manual of Transmutations
 39506 | Elf:3    | Acquired a manual of Ranged Weapons
 39795 | Depths:1 | Entered Level 1 of the Depths
 39837 | Depths:1 | Noticed the Enchantress
 39870 | Depths:1 | Reached skill level 1 in Stealth
 39880 | Depths:1 | Killed the Enchantress
 39920 | Depths:1 | Reached XP level 21. HP: 123/123 MP: 32/32
 39973 | Depths:1 | Reached skill level 10 in Dodging
 40068 | Depths:1 | Found a portal to a secret trove of treasure.
 40420 | Depths:1 | Identified the +8 mace of Joyful Slaughter {venom, Dex+4}
 40468 | Depths:1 | Reached skill level 5 in Stealth
 40653 | Depths:1 | Found a gateway to Hell.
 40791 | Depths:1 | Identified the ring "Gahaty" {rN+ AC+4}
 41626 | Depths:2 | Found a one-way gate leading to the halls of Pandemonium.
 42046 | Depths:2 | Found a one-way gate to the infinite horrors of the Abyss.
 42433 | Depths:3 | Noticed a golden dragon
 42435 | Depths:3 | Killed a golden dragon
 42482 | Depths:3 | Reached XP level 22. HP: 129/129 MP: 33/33
 42506 | Depths:3 | Noticed a caustic shrike
 42516 | Depths:3 | Killed a caustic shrike
 42568 | Depths:3 | Reached skill level 17 in Shields
 42637 | Depths:3 | Noticed a golden dragon
 42651 | Depths:3 | Killed a golden dragon
 43240 | Depths:3 | Found a gateway to a bazaar.
 43312 | Bazaar   | Entered a bazaar
 43312 | Bazaar   | Found Kizets's General Store.
 43312 | Bazaar   | Found Attij's Antique Armour Boutique.
 43319 | Bazaar   | Bought a scroll of blinking for 82 gold pieces
 43319 | Bazaar   | Bought a scroll of blinking for 82 gold pieces
 43319 | Bazaar   | Bought the +8 lance "Wyrmbane" {slay drac, rPois rF+ rC+
                  | AC+3} for 888 gold pieces
 43319 | Bazaar   | Found the +8 lance "Wyrmbane" {slay drac, rPois rF+ rC+
                  | AC+3}
 43330 | Bazaar   | Found Zipuj's Jewellery Emporium.
 43338 | Bazaar   | Bought the amulet "Naetetea" {Regen+ MP+9 Stlth+} for 528
                  | gold pieces
 43338 | Bazaar   | Bought the ring "Wuidip" {rF++ rN+ Dex+6} for 582 gold
                  | pieces
 43341 | Bazaar   | Found Ujusuh's Magic Scroll Shop.
 43349 | Bazaar   | Bought a scroll of revelation for 67 gold pieces
 43349 | Bazaar   | Bought a scroll of blinking for 67 gold pieces
 43349 | Bazaar   | Bought a scroll of teleportation for 27 gold pieces
 43349 | Bazaar   | Bought a scroll of fear for 36 gold pieces
 43349 | Bazaar   | Bought a scroll of teleportation for 27 gold pieces
 43349 | Bazaar   | Bought a scroll of teleportation for 27 gold pieces
 43349 | Bazaar   | Bought a scroll of blinking for 67 gold pieces
 43349 | Bazaar   | Found Irociloh's Antique Weapon Shop.
 43380 | Bazaar   | Bought a potion of invisibility for 88 gold pieces
 43388 | Bazaar   | Bought a pair of faintly humming gloves for 161 gold pieces
 43388 | Bazaar   | Identified the +2 pair of gloves of the Armadillo {rPois
                  | Int-4 Dex+7} (You bought it in a shop in a bazaar)
 43388 | Bazaar   | Bought a jewelled scale mail for 153 gold pieces
 43388 | Bazaar   | Identified the +2 scale mail "Ratairph" {Will+} (You bought
                  | it in a shop in a bazaar)
 43479 | Depths:3 | Identified the +3 quarterstaff of Fear {elec, rC+}
 43941 | Depths:1 | You paid a toll of 3 scrolls of blinking to enter a
                  | treasure trove
 43942 | Trove    | Entered a treasure trove
 43948 | Trove    | Identified the +0 cloak of Utuk {Int+2 Dex+6 Slay-4}
 43968 | Trove    | Identified the +0 hat of the Volcano {Str+3}
 43971 | Trove    | Identified the +1 helmet "Sogg" {rElec Str+5}
 43994 | Trove    | Identified the +0 buckler of Curiosity {rF+ Int+3}
 43995 | Trove    | Identified the +3 kite shield of Dithmenos's Hope {rElec
                  | SInv}
 44012 | Trove    | Identified the +0 pair of gloves of a bailey {+Blink rPois
                  | rC+ Str-5}
 44028 | Trove    | Found the +3 pair of mountain boots {steadfast, rC+}
 44038 | Trove    | Identified the +0 pair of boots of Pejuic {Int+4}
 44261 | Depths:4 | Entered Level 4 of the Depths
 44499 | Depths:4 | Found a corrupted altar of Lugonu.
 44541 | Depths:4 | Reached skill level 10 in Stealth
 44582 | Depths:4 | Found a one-way gateway to a ziggurat.
 44769 | Depths:4 | Gained mutation: Your magical capacity is low. (-10% MP) [a
                  | shining eye]
 44850 | Depths:4 | Found a gate to the Realm of Zot.
 45310 | Depths:4 | Reached XP level 23. HP: 134/134 MP: 33/33
 45407 | Depths:4 | Found Boutilew's Weapon Emporium.
 45895 | Vaults:1 | Entered Level 1 of the Vaults
 46223 | Vaults:1 | Reached skill level 10 in Spellcasting
 46324 | Vaults:1 | Found a runed translucent gate.
 46324 | Vaults:1 | Found a runed translucent gate.
 46324 | Vaults:1 | Found a runed translucent gate.
 46324 | Vaults:1 | Noticed Feshunla's ghost (adept KoEn)
 47218 | Vaults:1 | Identified the ring of Skepticism {rF+++ Will- Dex+6 SInv
                  | Stlth-}
 47300 | Vaults:1 | Killed Feshunla's ghost
 47327 | Vaults:1 | Identified the +0 pair of boots of Wisdom {rN+ Will++ Dex+3
                  | Stlth-}
 47689 | Lair:3   | Identified the +9 spear of the Vaults {freeze, rF- rC+ rN+
                  | Int+3}
 47718 | Lair:3   | Killed demibob's ghost
 47966 | D:10     | Killed bahustanut's ghost
 47971 | D:10     | Killed Lysca's ghost
 47974 | D:10     | Killed randomguy2701's ghost
 47975 | D:10     | Reached skill level 18 in Shields
 48899 | Vaults:2 | Found Moras's Jewellery Boutique.
 49315 | Vaults:2 | Found a staircase to the Crypt.
 49382 | Vaults:2 | You fall into a shaft and drop 1 floor!
 49784 | Vaults:3 | Found Kouru's Antique Weapon Boutique.
 49791 | Vaults:3 | Bought an ancient short sword for 176 gold pieces
 49791 | Vaults:3 | Identified the +1 short sword of the Magic Mushroom {holy,
                  | MP+9} (You bought it in a shop on level 3 of the Vaults)
 50370 | Vaults:3 | Identified the +10 scimitar "Xyburim" {elec, rN+ rCorr MP-9
                  | Dex+2}
 50442 | Vaults:3 | Reached XP level 24. HP: 141/141 MP: 35/35
 51473 | Vaults:4 | Identified the +7 hand axe of Cheibriados, Feeding {venom,
                  | Fragile rN+ Int+3}
 52180 | Vaults:4 | Found a runed translucent door.
 52181 | Vaults:4 | Noticed benadryl's ghost (adept TrSh)
 52396 | Vaults:4 | Killed benadryl's ghost
 52475 | Vaults:4 | Upgraded the game from 0.31-a0-845-g9abc20d24f to
                  | 0.31-a0-848-gaac375c287
 52479 | Vaults:5 | Entered Level 5 of the Vaults
 52598 | Vaults:2 | Bought a talisman of death for 1819 gold pieces
 52603 | Vaults:2 | Bought a wand of roots (3) for 108 gold pieces
 52603 | Vaults:2 | Bought a potion of haste for 150 gold pieces
 52605 | Vaults:2 | Bought a wand of acid (4) for 453 gold pieces
 52605 | Vaults:2 | Bought a potion of haste for 270 gold pieces
 52605 | Vaults:2 | Bought a sapphire-studded crystal plate armour for 2295
                  | gold pieces
 52605 | Vaults:2 | Identified the +2 crystal plate armour of the Gastropod
                  | {rElec Dex-3 Slay+6} (You bought it in a shop on level 2 of
                  | the Vaults)
 52779 | Vaults:4 | Reached skill level 1 in Shapeshifting
 52885 | Vaults:5 | Noticed a dread lich
 52901 | Vaults:4 | Killed a dread lich
 52978 | Vaults:5 | Reached XP level 25. HP: 147/147 MP: 35/35
 53060 | Vaults:5 | Identified the ring of Rosinwoc {rN+ AC+4}
 53063 | Vaults:5 | Identified the scarf of the Salamander {+Inv, rN+ Str+4
                  | Dex+2 Stlth-}
 53565 | Vaults:5 | Identified the +6 long sword of the Known World {elec,
                  | Str+3}
 53577 | Vaults:5 | Identified the +0 chain mail "Hacakoy" {rElec rF+}
 53588 | Vaults:5 | Got a decrepit book
 53730 | Vaults:5 | Reached skill level 5 in Shapeshifting
 53780 | Vaults:5 | Reached skill level 15 in Evocations
 53903 | Vaults:5 | Got a silver rune of Zot
 53915 | Vaults:5 | Got a clothbound book
 54138 | Vaults:5 | Noticed a dread lich
 54155 | Vaults:5 | Killed a dread lich
 54607 | Vaults:5 | Upgraded the game from 0.31-a0-848-gaac375c287 to
                  | 0.31-a0-851-g7ff8af7976
 55040 | Orc:2    | Bought the amulet of the Air {Inacc Air Fly rElec RMsl} for
                  | 451 gold pieces
 55040 | Orc:2    | Found the amulet of the Air {Inacc Air Fly rElec RMsl}
 55269 | Hell     | Entered the Vestibule of Hell
 55269 | Hell     | Noticed Geryon
 55288 | Hell     | Killed Geryon
 55326 | Hell     | Noticed Murray
 55596 | Depths:1 | Killed Murray
 55832 | Hell     | Reached skill level 15 in Dodging
 55949 | Hell     | Reached XP level 26. HP: 154/154 MP: 35/35
 55959 | Hell     | Found a gateway to the ashen valley of Gehenna.
 56017 | Hell     | Found a gateway to the Iron City of Dis.
 56074 | Hell     | Found a gateway to the freezing wastes of Cocytus.
 56191 | Hell     | Found a gateway to the decaying netherworld of Tartarus.
 56557 | Zot:1    | Entered Level 1 of the Realm of Zot
 57140 | Zot:1    | You fall into a shaft and drop 1 floor!
 57144 | Zot:2    | Noticed an orb of fire
 57165 | Zot:2    | Killed an orb of fire
 57208 | Zot:2    | Found a transporter.
 57376 | Zot:2    | Found a transporter.
 57379 | Zot:2    | Noticed Civybe Ogenn's ghost (legendary DsFi)
 57381 | Zot:2    | Noticed an ancient lich
 57398 | Zot:2    | Noticed Ygyeth Femmu's ghost (veteran MiBe)
 57945 | Zot:2    | Got a curling book
 57974 | Zot:2    | Identified the +4 ring mail of Duegidwa {Rampage rElec
                  | Int+3 SInv}
 58259 | Zot:1    | Learned a level 3 spell: Ignite Poison
 58264 | Zot:1    | Learned a level 4 spell: Passage of Golubria
 58270 | Zot:1    | Learned a level 5 spell: Irradiate
 58343 | Zot:3    | Reached skill level 1 in Polearms
 58343 | Zot:3    | Reached skill level 1 in Conjurations
 58430 | Zot:3    | Found a runed translucent door.
 58556 | Zot:3    | Reached XP level 27. HP: 154/156 MP: 35/35
 58572 | Zot:3    | Noticed Parghit
 58635 | Zot:3    | Killed Parghit
 58755 | Zot:3    | Found a huge runed gate.
 58755 | Zot:3    | Found a huge runed gate.
 58755 | Zot:3    | Found a huge runed gate.
 58755 | Zot:3    | Found a huge runed gate.
 58757 | Zot:3    | Found a huge runed gate.
 58757 | Zot:3    | Found a huge runed gate.
 58758 | Zot:3    | Found a huge runed gate.
 58775 | Zot:3    | Found a huge runed gate.
 58775 | Zot:3    | Found a huge runed gate.
 58775 | Zot:3    | Found a huge runed gate.
 58775 | Zot:3    | Found a huge runed gate.
 58775 | Zot:3    | Found a huge runed gate.
 58775 | Zot:3    | Found a huge runed gate.
 58775 | Zot:3    | Found a huge runed gate.
 58782 | Zot:3    | Found a huge runed gate.
 58782 | Zot:3    | Found a huge runed gate.
 58782 | Zot:3    | Found a huge runed gate.
 58782 | Zot:3    | Found a huge runed gate.
 58782 | Zot:3    | Found a huge runed gate.
 58782 | Zot:3    | Found a huge runed gate.
 58783 | Zot:3    | Found a huge runed gate.
 58784 | Zot:3    | Found a huge runed gate.
 58785 | Zot:3    | Found a huge runed gate.
 58793 | Zot:3    | Found a huge runed gate.
 58793 | Zot:3    | Found a huge runed gate.
 58793 | Zot:3    | Found a huge runed gate.
 58793 | Zot:3    | Found a huge runed gate.
 58793 | Zot:3    | Found a huge runed gate.
 58793 | Zot:3    | Found a huge runed gate.
 58794 | Zot:3    | Found a huge runed gate.
 58795 | Zot:3    | Found a huge runed gate.
 58842 | Zot:3    | Found a shadowy altar of Dithmenos.
 58879 | Zot:3    | Found a huge runed gate.
 58880 | Zot:3    | Found a huge runed gate.
 58881 | Zot:3    | Found a huge runed gate.
 58882 | Zot:3    | Found a huge runed gate.
 58886 | Zot:3    | Found a huge runed gate.
 58930 | Zot:3    | Noticed Vyqe's ghost (master MfIE)
 59101 | Zot:3    | Reached skill level 10 in Shapeshifting
 59196 | Zot:3    | Killed Vyqe's ghost
 59234 | Zot:3    | Noticed an orb of fire
 59234 | Zot:3    | Noticed a dread lich
 59234 | Zot:3    | Noticed an ancient lich
 59234 | Zot:3    | Noticed an ancient lich
 59236 | Zot:3    | Noticed a dread lich
 59248 | Zot:3    | Killed an ancient lich
 59264 | Zot:3    | Killed a dread lich
 59269 | Zot:3    | Killed an ancient lich
 59270 | Zot:3    | Killed an orb of fire
 59282 | Zot:3    | Killed a dread lich
 59468 | Zot:4    | Identified the +6 short sword of Ijelaysk {speed, rCorr
                  | Int+2}
 59525 | Zot:4    | Reached skill level 5 in Conjurations
 59624 | Zot:4    | Reached skill level 19 in Shields
 59740 | Zot:4    | Found the ring of the Mage {Wiz Archmagi}
 59932 | Zot:4    | Reached skill level 5 in Polearms
 60308 | Zot:4    | Identified the +4 flail of Refaen {elec, Int+3}
 60327 | Zot:5    | Entered Level 5 of the Realm of Zot
 60327 | Zot:5    | Noticed an orb of fire
 60341 | Zot:5    | Killed an orb of fire
 60671 | Zot:5    | Noticed a dread lich
 60676 | Zot:5    | Noticed a dread lich
 60680 | Zot:5    | Noticed an orb of fire
 60682 | Zot:5    | Gained mutation: Your muscles are strong. (Str +4, Int/Dex
                  | -1) [an orb of fire]
 60697 | Zot:5    | Killed a dread lich
 60712 | Zot:5    | Killed an orb of fire
 60717 | Zot:5    | Killed a dread lich
 60732 | Zot:5    | Noticed an orb of fire
 60780 | Zot:5    | Noticed an orb of fire
 60808 | Zot:5    | Killed an orb of fire
 60819 | Zot:5    | Gained mutation: You are frail. (-10% HP) [an orb of fire]
 60836 | Zot:5    | Killed an orb of fire
 60923 | Zot:5    | Reached skill level 20 in Shields
 60999 | Zot:5    | Noticed a dread lich
 61000 | Zot:5    | Noticed an orb of fire
 61003 | Zot:5    | Gained mutation: Your mind is acute. (Int +4, Str/Dex -1)
                  | [an orb of fire]
 61005 | Zot:5    | Noticed an orb of fire
 61005 | Zot:5    | Noticed a dread lich
 61013 | Zot:5    | Killed a dread lich
 61026 | Zot:5    | Killed an orb of fire
 61031 | Zot:5    | Noticed an orb of fire
 61044 | Zot:5    | Gained mutation: You are very frail. (-20% HP) [an orb of
                  | fire]
 61046 | Zot:5    | Gained mutation: You are vulnerable to cold. (rC-) [an orb
                  | of fire]
 61279 | Zot:5    | Killed an orb of fire
 61306 | Zot:5    | Gained mutation: Your body sometimes deteriorates upon
                  | taking damage. [an orb of fire]
 61323 | Zot:5    | Killed an orb of fire
 61423 | Zot:5    | Killed a dread lich
 61518 | Zot:5    | Lost mutation: Your body sometimes deteriorates upon taking
                  | damage. [potion of mutation]
 61518 | Zot:5    | Lost mutation: Your magical capacity is low. (-10% MP)
                  | [potion of mutation]
 61518 | Zot:5    | Gained mutation: You are clumsy. (Dex -2) [potion of
                  | mutation]
 61519 | Zot:5    | Lost mutation: You are very frail. (-20% HP) [potion of
                  | mutation]
 61519 | Zot:5    | Lost mutation: You are clumsy. (Dex -2) [potion of
                  | mutation]
 61519 | Zot:5    | Lost mutation: You are frail. (-10% HP) [potion of
                  | mutation]
 61519 | Zot:5    | Gained mutation: Your body sometimes deteriorates upon
                  | taking damage. [potion of mutation]
 61519 | Zot:5    | Gained mutation: Armour fits poorly on your strangely
                  | shaped body. [potion of mutation]
 61520 | Zot:5    | Lost mutation: Your body sometimes deteriorates upon taking
                  | damage. [potion of mutation]
 61520 | Zot:5    | Lost mutation: Your mind is acute. (Int +4, Str/Dex -1)
                  | [potion of mutation]
 61520 | Zot:5    | Lost mutation: Your muscles are strong. (Str +4, Int/Dex
                  | -1) [potion of mutation]
 61520 | Zot:5    | Gained mutation: You occasionally lose the ability to drink
                  | potions when taking damage. [potion of mutation]
 61520 | Zot:5    | Gained mutation: You have a pair of small horns on your
                  | head. [potion of mutation]
 61521 | Zot:5    | Lost mutation: You occasionally lose the ability to drink
                  | potions when taking damage. [potion of mutation]
 61521 | Zot:5    | Lost mutation: Armour fits poorly on your strangely shaped
                  | body. [potion of mutation]
 61521 | Zot:5    | Gained mutation: You have a pair of horns on your head.
                  | [potion of mutation]
 61522 | Zot:5    | Lost mutation: You have a pair of horns on your head.
                  | [potion of mutation]
 61522 | Zot:5    | Lost mutation: You have a pair of small horns on your head.
                  | [potion of mutation]
 61522 | Zot:5    | Gained mutation: You are agile. (Dex +4, Str/Int -1)
                  | [potion of mutation]
 61522 | Zot:5    | Lost mutation: You are agile. (Dex +4, Str/Int -1) [potion
                  | of mutation]
 61522 | Zot:5    | Gained mutation: You are resistant to electric shocks.
                  | (rElec) [potion of mutation]
 61522 | Zot:5    | Gained mutation: You possess an exceptional clarity of
                  | mind. [potion of mutation]
 61986 | Elf:3    | Bought the dreamshard necklace {Acrobat *Dream} for 2000
                  | gold pieces
 61986 | Elf:3    | Found the dreamshard necklace {Acrobat *Dream}
 62204 | Pan      | Entered Pandemonium
 62318 | Pan      | Reached skill level 15 in Stealth
 62744 | Pan      | Identified the ring "Lowao" {rPois rN+ Will+ EV+5}
 62995 | Pan      | Noticed Zekihet the pandemonium lord
 63019 | Pan      | Killed Zekihet the pandemonium lord
 63221 | Pan      | Got a demonic rune of Zot
 63534 | Pan      | Found a white marble altar of Elyvilon.
 63664 | Pan      | Identified the +2 leather armour of Pafoyl {Stlth+}
 63703 | Pan      | Reached skill level 21 in Shields
 63934 | Pan      | Noticed Wior the pandemonium lord
 63964 | Pan      | Killed Wior the pandemonium lord
 64143 | Pan      | Found a runed translucent door.
 64195 | Pan      | Identified the +6 war axe of Zuewois {speed, rPois Int+3}
 65080 | Pan      | Found a transporter.
 65080 | Pan      | Found a transporter.
 65194 | Pan      | Acquired a manual of Earth Magic
 65379 | Pan      | Identified the +0 ring mail of Gravity {Dex+3}
 65656 | Pan      | Found an exit through the horrors of the Abyss.
 65929 | Pan      | Noticed Zetuitsi the pandemonium lord
 65982 | Pan      | Killed Zetuitsi the pandemonium lord
 67062 | Pan      | Got a murmuring book
 67123 | Pan      | Entered the realm of Lom Lobon.
 67253 | Pan      | Found an exit through the horrors of the Abyss.
 67370 | Pan      | Identified the +8 spear of Day {speed, Contam *Noise rPois
                  | Str+9}
 67818 | Pan      | Noticed Lom Lobon
 67843 | Pan      | Killed Lom Lobon
 67879 | Pan      | Got a magical rune of Zot
 68368 | Pan      | Entered the realm of Mnoleg.
 68509 | Pan      | Found an exit through the horrors of the Abyss.
 68685 | Pan      | Gained mutation: Armour fits poorly on your strangely
                  | shaped body. [a neqoxec]
 68698 | Pan      | Lost mutation: Armour fits poorly on your strangely shaped
                  | body. [potion of mutation]
 68698 | Pan      | Lost mutation: You are resistant to electric shocks.
                  | (rElec) [potion of mutation]
 68698 | Pan      | Lost mutation: You possess an exceptional clarity of mind.
                  | [potion of mutation]
 68698 | Pan      | Gained mutation: You are robust. (+10% HP) [potion of
                  | mutation]
 68894 | Pan      | Noticed Mnoleg
 68930 | Pan      | Killed Mnoleg
 68965 | Pan      | Gained mutation: You sometimes lose your temper in combat.
                  | [a neqoxec]
 69027 | Pan      | Got a glowing rune of Zot
 69633 | Pan      | Noticed Quyteshru the pandemonium lord
 69637 | Pan      | Killed Quyteshru the pandemonium lord
 70201 | Pan      | Found an exit through the horrors of the Abyss.
 70316 | Pan      | Lost mutation: You are vulnerable to cold. (rC-) [potion of
                  | mutation]
 70316 | Pan      | Lost mutation: You sometimes lose your temper in combat.
                  | [potion of mutation]
 70316 | Pan      | Lost mutation: You are robust. (+10% HP) [potion of
                  | mutation]
 70316 | Pan      | Gained mutation: You are partially covered in iridescent
                  | scales. (AC +2) [potion of mutation]
 70316 | Pan      | Gained mutation: You are strong-willed. (Will+) [potion of
                  | mutation]
 70759 | Pan      | Reached skill level 15 in Short Blades
 71103 | Pan      | Noticed Gotedix the pandemonium lord
 71114 | Pan      | Killed Gotedix the pandemonium lord
 71146 | Pan      | Entered the realm of Cerebov.
 71146 | Pan      | Found the +6 sword of Cerebov {flame}
 71146 | Pan      | Noticed Cerebov
 71193 | Pan      | Killed Cerebov
 71194 | Pan      | Reached skill level 22 in Shields
 71263 | Pan      | Learned a level 4 spell: Vhi's Electric Charge
 71269 | Pan      | Learned a level 5 spell: Yara's Violent Unravelling
 71572 | Pan      | Reached skill level 1 in Throwing
 71886 | Pan      | Identified the +5 morningstar "Ubaum" {flame, rElec rC+
                  | rCorr Str+2 Dex-3}
 71933 | Pan      | Identified the +2 helmet "Lotzom" {rC+}
 72372 | Pan      | Identified the ring of the Cockatrice {rPois rN+ MP+9 Int-3
                  | Slay+2}
 72379 | Pan      | Identified the ring "Kekhlajuo" {rF+ Will+}
 72381 | Pan      | Got an upside-down book
 72489 | Pan      | Got a faded book
 72491 | Pan      | Got a shiny book
 72614 | Pan      | Identified the +3 short sword of Okawaru, Teaching {vamp,
                  | Will+ rCorr Stlth+}
 72745 | Pan      | Got a fiery rune of Zot
 72847 | Pan      | Reached skill level 15 in Shapeshifting
 73725 | Pan      | Noticed Anuithrog the pandemonium lord
 73750 | Pan      | Killed Anuithrog the pandemonium lord
 74029 | Pan      | Acquired a manual of Stealth
 74508 | Pan      | Found an exit through the horrors of the Abyss.
 74553 | Pan      | Found an exit through the horrors of the Abyss.
 74563 | Pan      | Noticed Vujoy the pandemonium lord
 74606 | Pan      | Killed Vujoy the pandemonium lord
 74607 | Pan      | Reached skill level 5 in Throwing
 75792 | Pan      | Noticed Riehie the pandemonium lord
 75811 | Pan      | Gained mutation: Your magical capacity is low. (-10% MP) [a
                  | shining eye]
 75813 | Pan      | Killed Riehie the pandemonium lord
 76178 | Pan      | Noticed Vyhy the pandemonium lord
 76188 | Pan      | Killed Vyhy the pandemonium lord
 76265 | Pan      | Gained mutation: You are frail. (-10% HP) [a neqoxec]
 76291 | Pan      | Gained mutation: You are dopey. (Int -2) [a neqoxec]
 76396 | Pan      | Found an exit through the horrors of the Abyss.
 76804 | Pan      | Noticed Mennas
 76822 | Pan      | Killed Mennas
 76902 | Pan      | Reached skill level 23 in Shields
 77094 | Pan      | Identified the staff of Freehold {rElec Hexes Air}
 77122 | Pan      | Found an exit through the horrors of the Abyss.
 77485 | Pan      | Gained mutation: You are weak. (Str -2) [a neqoxec]
 77813 | Pan      | Reached skill level 1 in Translocations
 77870 | Pan      | Took an exit into the Abyss.
 77870 | Abyss:4  | Escaped into the Abyss
 77891 | Abyss:5  | Reached skill level 1 in Air Magic
 77908 | Abyss:5  | Gained mutation: Your body sometimes deteriorates upon
                  | taking damage. [a neqoxec]
 77910 | Abyss:5  | Gained mutation: You occasionally lose the ability to read
                  | scrolls when taking damage. [a neqoxec]
 77911 | Abyss:5  | Gained mutation: You sometimes lose the ability to read
                  | scrolls when taking damage. [a neqoxec]
 77928 | Abyss:5  | Noticed a dread lich
 77940 | Abyss:5  | Killed a dread lich
 77967 | Abyss:5  | Found a blossoming altar of Fedhas.
 77977 | Abyss:5  | Found a blossoming altar of Fedhas.
 78011 | Abyss:5  | Found a blossoming altar of Fedhas.
 78013 | Abyss:5  | Found a blossoming altar of Fedhas.
 78015 | Abyss:5  | Found a blossoming altar of Fedhas.
 78042 | Abyss:5  | Got an abyssal rune of Zot
 78058 | Abyss:5  | Paralysed by accursed screaming for 2 turns
 78071 | Abyss:5  | Reached skill level 10 in Armour
 78074 | Abyss:5  | Paralysed by accursed screaming for 1 turns
 78111 | Depths:2 | Escaped the Abyss
 78124 | Depths:2 | Bought a scroll of blinking for 97 gold pieces
 78149 | Depths:2 | Lost mutation: You are weak. (Str -2) [potion of mutation]
 78149 | Depths:2 | Lost mutation: You sometimes lose the ability to read
                  | scrolls when taking damage. [potion of mutation]
 78149 | Depths:2 | Lost mutation: You are strong-willed. (Will+) [potion of
                  | mutation]
 78149 | Depths:2 | Lost mutation: Your magical capacity is low. (-10% MP)
                  | [potion of mutation]
 78149 | Depths:2 | Gained mutation: You have large cloven feet. [potion of
                  | mutation]
 78150 | Depths:2 | Lost mutation: Your body sometimes deteriorates upon taking
                  | damage. [potion of mutation]
 78150 | Depths:2 | Lost mutation: You are partially covered in iridescent
                  | scales. (AC +2) [potion of mutation]
 78150 | Depths:2 | Gained mutation: Your system is resistant to poisons.
                  | (rPois) [potion of mutation]
 78366 | Crypt:1  | Entered Level 1 of the Crypt
 78532 | Crypt:1  | Noticed Jory
 78546 | Crypt:1  | Killed Jory
 79089 | Crypt:1  | Noticed Khufu
 79098 | Crypt:1  | Killed Khufu
 79105 | Crypt:1  | Identified the +0 robe of the Doldrums {Rampage Str-4 Dex-2
                  | Archmagi}
 79232 | Crypt:1  | Acquired a manual of Spellcasting
 80156 | Crypt:3  | Entered Level 3 of the Crypt
 80352 | Crypt:3  | Identified the ring "Xitioc" {Ice Dex+3}
 80352 | Crypt:3  | Noticed Josephina
 80377 | Crypt:3  | Killed Josephina
 80537 | Crypt:3  | Found a basalt altar of Yredelemnul.
 80671 | Crypt:3  | Noticed Vv
 80719 | Crypt:3  | Killed Vv
 80936 | Crypt:3  | Identified the +0 scale mail of Anaesthesia {rPois rCorr
                  | Int-2 SInv}
 80937 | Crypt:3  | Identified the staff "Taosang" {rF+ rN+ Necro}
 80938 | Crypt:3  | Identified the +5 whip "Tischiul" {spect, Str+6 Dex+3}
 80993 | Crypt:3  | Found a staircase to the Tomb.
 81028 | Crypt:3  | Identified the +0 chain mail "Uzoxkoil" {Will+ Regen+ Str-2
                  | Int+4}
 81488 | Tomb:1   | Entered Level 1 of the Tomb of the Ancients
 81881 | Tomb:1   | Noticed a royal mummy
 81901 | Tomb:1   | Killed a royal mummy
 81922 | Tomb:1   | Noticed a royal mummy
 81983 | Tomb:1   | Killed a royal mummy
 82198 | Tomb:1   | Reached skill level 15 in Spellcasting
 82928 | Tar:1    | Entered Level 1 of Tartarus
 83064 | Tar:2    | You are sucked into a shaft and drop 2 floors!
 83593 | Tar:6    | Gained mutation: You are occasionally teleported next to
                  | monsters. [mutagenic glow]
 83602 | Tar:6    | Gained mutation: You sometimes lose your temper in combat.
                  | [mutagenic glow]
 83619 | Tar:6    | Lost intelligence.
 83619 | Tar:6    | Gained mutation: You are very dopey. (Int -4) [mutagenic
                  | glow]
 83630 | Tar:6    | Lost mutation: You are occasionally teleported next to
                  | monsters. [potion of mutation]
 83630 | Tar:6    | Lost mutation: You are frail. (-10% HP) [potion of
                  | mutation]
 83630 | Tar:6    | Gained mutation: You have a pair of small horns on your
                  | head. [potion of mutation]
 83631 | Tar:6    | Lost mutation: You occasionally lose the ability to read
                  | scrolls when taking damage. [potion of mutation]
 83631 | Tar:6    | Lost mutation: You have large cloven feet. [potion of
                  | mutation]
 83631 | Tar:6    | Gained mutation: Your spells are a little harder to cast,
                  | but a little more powerful. [potion of mutation]
 83631 | Tar:6    | Gained mutation: You have a somewhat thin skeletal
                  | structure. (Dex +2, Stealth+) [potion of mutation]
 83632 | Tar:6    | Lost mutation: You are very dopey. (Int -4) [potion of
                  | mutation]
 83632 | Tar:6    | Lost mutation: You have a pair of small horns on your head.
                  | [potion of mutation]
 83632 | Tar:6    | Lost mutation: Your system is resistant to poisons. (rPois)
                  | [potion of mutation]
 83632 | Tar:6    | Gained mutation: You are occasionally teleported next to
                  | monsters. [potion of mutation]
 83632 | Tar:6    | Gained mutation: You are vulnerable to cold. (rC-) [potion
                  | of mutation]
 83633 | Tar:6    | Lost mutation: You have a somewhat thin skeletal structure.
                  | (Dex +2, Stealth+) [potion of mutation]
 83633 | Tar:6    | Lost mutation: You are occasionally teleported next to
                  | monsters. [potion of mutation]
 83633 | Tar:6    | Lost mutation: Your spells are a little harder to cast, but
                  | a little more powerful. [potion of mutation]
 83633 | Tar:6    | Lost mutation: You are dopey. (Int -2) [potion of mutation]
 83852 | Tar:7    | Entered Level 7 of Tartarus
 84020 | Tar:7    | Reached skill level 24 in Shields
 84579 | Tar:7    | Learned a level 2 spell: Passwall
 85238 | Tar:7    | Identified the +1 leather armour "Morphilu" {Int+3 Dex+2
                  | Stlth+}
 85951 | Tar:7    | Noticed Ereshkigal
 85981 | Tar:7    | Killed Ereshkigal
 86037 | Tar:7    | Got a bone rune of Zot
 86727 | Geh:1    | Entered Level 1 of Gehenna
 86851 | Geh:2    | Gained mutation: You are partially covered in large bone
                  | plates. (SH +4) [mutagenic glow]
 86864 | Geh:2    | Lost mutation: You sometimes lose your temper in combat.
                  | [mutagenic glow]
 86879 | Geh:2    | Gained mutation: You occasionally lose the ability to drink
                  | potions when taking damage. [mutagenic glow]
 87884 | Geh:7    | Entered Level 7 of Gehenna
 88203 | Geh:7    | Identified the amulet "Tomofali" {Reflect rN++ SH+5 Stlth-}
 88389 | Geh:7    | Identified the +6 quarterstaff of the Heart {flame, *Noise
                  | rElec rF+}
 88470 | Geh:7    | Identified the ring of Hebuunn {Wiz rN+ Int+3 Slay-5}
 88513 | Geh:7    | Identified the +3 halberd of Defiance {holy, Str+5 Int+2}
 88542 | Geh:7    | Found the +13 sceptre of Asmodeus
 88542 | Geh:7    | Noticed Asmodeus
 88575 | Geh:7    | Killed Asmodeus
 88591 | Geh:7    | Got an obsidian rune of Zot
 88782 | Geh:7    | Identified the +1 great sword "Noff" {elec, Str-2 Int+4
                  | Stlth+}
 88983 | Dis:1    | Entered Level 1 of the Iron City of Dis
 89074 | Dis:1    | Noticed a dread lich
 89100 | Dis:1    | Killed a dread lich
 90478 | Dis:6    | Noticed a dread lich
 90480 | Dis:6    | Killed a dread lich
 90750 | Dis:6    | Noticed a dread lich
 90764 | Dis:6    | Killed a dread lich
 90802 | Dis:7    | Entered Level 7 of the Iron City of Dis
 91755 | Dis:7    | Reached skill level 15 in Armour
 91922 | Dis:7    | Noticed a juggernaut
 91926 | Dis:7    | Killed a juggernaut
 91939 | Dis:7    | Identified the ring of Niupub {rPois rN++ Dex+2}
 91959 | Dis:7    | Identified the -2 pair of gloves of Grot {rF+ Int+3 Stlth-}
 92790 | Dis:7    | Noticed the Serpent of Hell
 92827 | Dis:7    | Killed the Serpent of Hell
 92875 | Dis:7    | Noticed Dispater
 92876 | Dis:7    | Noticed a juggernaut
 92886 | Dis:7    | Killed Dispater
 92898 | Dis:7    | Killed a juggernaut
 92919 | Dis:7    | Got an iron rune of Zot
 93400 | Pan      | Entered Pandemonium
 93647 | Pan      | Noticed Rorejoef the pandemonium lord
 93671 | Pan      | Killed Rorejoef the pandemonium lord
 94080 | Pan      | Reached skill level 5 in Ranged Weapons
 94801 | Pan      | Noticed Ifillor the pandemonium lord
 94825 | Pan      | Killed Ifillor the pandemonium lord
 95926 | Pan      | Noticed Zanuniunt the pandemonium lord
 95939 | Pan      | Killed Zanuniunt the pandemonium lord
 96142 | Pan      | Entered the realm of Gloorx Vloq.
 96322 | Pan      | Noticed Gloorx Vloq
 96400 | Pan      | Killed Gloorx Vloq
 96435 | Pan      | Got a dark rune of Zot
 96492 | Pan      | Found an exit through the horrors of the Abyss.
 97232 | Pan      | Took an exit into the Abyss.
 97232 | Abyss:5  | Escaped into the Abyss
 97239 | Depths:2 | Escaped the Abyss
 97252 | Depths:2 | Bought a dazzling plate armour for 924 gold pieces
 97252 | Depths:2 | Identified the +11 plate armour of the Ward {-Tele rC+
                  | Str+2} (You bought it in a shop on level 2 of the Depths)
 97252 | Depths:2 | Bought a warped chain mail for 313 gold pieces
 97252 | Depths:2 | Identified the +0 chain mail of Dithmenos's Reproof {rN++
                  | Int+3} (You bought it in a shop on level 2 of the Depths)
 97252 | Depths:2 | Bought heavily runed acid dragon scales for 1485 gold
                  | pieces
 97252 | Depths:2 | Identified the +1 acid dragon scales "Xojoys Sois" {rC+
                  | rCorr Dex+3} (You bought it in a shop on level 2 of the
                  | Depths)
 97437 | Coc:1    | Entered Level 1 of Cocytus
 97741 | Coc:2    | Paralysed by a wendigo for 1 turns
 97746 | Coc:2    | Paralysed by a wendigo for 1 turns
 97777 | Coc:2    | Paralysed by a wendigo for 1 turns
 97834 | Coc:3    | Noticed a dread lich
 97848 | Coc:3    | Killed a dread lich
 97849 | Coc:3    | Reached skill level 10 in Ranged Weapons
 97928 | Coc:4    | Reached skill level 5 in Translocations
 97936 | Coc:4    | Noticed an ancient lich
 97981 | Coc:4    | Killed an ancient lich
 98544 | Coc:7    | Entered Level 7 of Cocytus
 98621 | Coc:7    | Noticed a dread lich
 98638 | Coc:7    | Killed a dread lich
 98708 | Coc:7    | Paralysed by a wendigo for 1 turns
 98750 | Coc:7    | Paralysed by a wendigo for 1 turns
 98845 | Coc:7    | Paralysed by a wendigo for 1 turns
 98859 | Coc:7    | Paralysed by a wendigo for 1 turns
 98864 | Coc:7    | Paralysed by a wendigo for 1 turns
 98869 | Coc:7    | Paralysed by a wendigo for 1 turns
 98881 | Coc:7    | Paralysed by a wendigo for 1 turns
 98885 | Coc:7    | Reached skill level 25 in Shields
 99542 | Coc:7    | Noticed Antaeus
 99583 | Coc:7    | Got an icy rune of Zot
 99610 | Coc:7    | Killed Antaeus
 99659 | Coc:7    | Identified the staff "Liumor" {rN+ Int+3 Necro}
100382 | Slime:1  | Entered Level 1 of the Pits of Slime
100790 | Slime:5  | Entered Level 5 of the Pits of Slime
100859 | Slime:5  | Noticed the Royal Jelly
100933 | Slime:5  | Killed the Royal Jelly
100984 | Slime:5  | Reached skill level 10 in Translocations
100991 | Slime:5  | Identified the +0 war axe "Boid" {venom, rPois rN+ rCorr
                  | Stlth+}
100992 | Slime:5  | Identified the +0 ring mail of the Ecumenical Temple
                  | {Rampage rElec Str-5}
101040 | Slime:5  | Found the +4 Cigotuvi's embrace {Corpsefed rMiasma Drain
                  | rN+}
101164 | Slime:5  | Got a humming book
101167 | Slime:5  | Identified the +5 battleaxe of the Charming Gods {heavy,
                  | rN+ rCorr Str+4 Dex-5}
101184 | Slime:5  | Got a slimy rune of Zot
101196 | Slime:5  | Learned a level 2 spell: Blink
101213 | Slime:5  | Identified the +8 ice dragon scales of the Vacuum {rF- rC++
                  | rN+ Int+2}
101930 | Tomb:2   | Noticed a royal mummy
101930 | Tomb:2   | Noticed a royal mummy
101930 | Tomb:2   | Noticed a royal mummy
101930 | Tomb:2   | Noticed a royal mummy
101964 | Tomb:2   | Killed a royal mummy
101970 | Tomb:2   | Killed a royal mummy
101973 | Tomb:2   | Killed a royal mummy
101992 | Tomb:2   | Killed a royal mummy
102554 | Tomb:1   | Noticed a royal mummy
102554 | Tomb:1   | Noticed a royal mummy
102563 | Tomb:1   | Noticed a royal mummy
102568 | Tomb:1   | Killed a royal mummy
102576 | Tomb:1   | Killed a royal mummy
102588 | Tomb:1   | Killed a royal mummy
102594 | Tomb:1   | Noticed a royal mummy
102603 | Tomb:1   | Killed a royal mummy
102610 | Tomb:1   | Noticed a royal mummy
102621 | Tomb:1   | Killed a royal mummy
102624 | Tomb:1   | Noticed a royal mummy
102636 | Tomb:1   | Killed a royal mummy
102638 | Tomb:1   | Noticed a royal mummy
102644 | Tomb:1   | Killed a royal mummy
102666 | Tomb:1   | Noticed a royal mummy
102678 | Tomb:1   | Killed a royal mummy
102688 | Tomb:1   | Noticed a royal mummy
102700 | Tomb:1   | Killed a royal mummy
102722 | Tomb:1   | Noticed a royal mummy
102723 | Tomb:1   | Noticed a royal mummy
102729 | Tomb:1   | Killed a royal mummy
102734 | Tomb:1   | Noticed a royal mummy
102735 | Tomb:1   | Noticed a royal mummy
102742 | Tomb:1   | Killed a royal mummy
102751 | Tomb:1   | Killed a royal mummy
102764 | Tomb:1   | Killed a royal mummy
102780 | Tomb:1   | Noticed a royal mummy
102780 | Tomb:1   | Noticed a royal mummy
102796 | Tomb:1   | Killed a royal mummy
102800 | Tomb:1   | Noticed a royal mummy
102822 | Tomb:1   | Killed a royal mummy
102846 | Tomb:1   | Killed a royal mummy
102856 | Tomb:1   | Noticed a royal mummy
102866 | Tomb:1   | Killed a royal mummy
102883 | Tomb:1   | Noticed a royal mummy
102898 | Tomb:1   | Killed a royal mummy
102921 | Tomb:1   | Noticed a royal mummy
102933 | Tomb:1   | Killed a royal mummy
102943 | Tomb:1   | Noticed a royal mummy
102944 | Tomb:1   | Noticed a royal mummy
102947 | Tomb:1   | Noticed a royal mummy
102954 | Tomb:1   | Killed a royal mummy
102966 | Tomb:1   | Killed a royal mummy
102985 | Tomb:1   | Killed a royal mummy
103214 | Tomb:3   | Entered Level 3 of the Tomb of the Ancients
103227 | Tomb:3   | Noticed a royal mummy
103229 | Tomb:3   | Noticed a royal mummy
103254 | Tomb:3   | Noticed a royal mummy
103271 | Tomb:3   | Killed a royal mummy
103278 | Tomb:3   | Noticed a royal mummy
103280 | Tomb:3   | Killed a royal mummy
103281 | Tomb:3   | Reached skill level 5 in Air Magic
103283 | Tomb:3   | Noticed a royal mummy
103283 | Tomb:3   | Noticed a royal mummy
103288 | Tomb:3   | Noticed a royal mummy
103289 | Tomb:3   | Killed a royal mummy
103308 | Tomb:3   | Reached skill level 26 in Shields
103320 | Tomb:3   | Noticed a royal mummy
103335 | Tomb:3   | Killed a royal mummy
103391 | Tomb:3   | Killed a royal mummy
103411 | Tomb:3   | Killed a royal mummy
103457 | Tomb:3   | Killed a royal mummy
103457 | Tomb:3   | Lost intelligence.
103481 | Tomb:3   | Killed a royal mummy
103817 | Tomb:3   | Identified the ring of Curiosity {Ice Str+2}
103821 | Tomb:3   | Identified the +7 mace of Fragile Peace {drain, rElec rN+}
103844 | Tomb:3   | Identified the +1 leather armour "Ihefesetigye" {rCorr
                  | Str+5}
103845 | Tomb:3   | Identified the +1 dagger "Saplatt" {heavy, *Rage rElec
                  | rCorr Dex+3}
103848 | Tomb:3   | Identified the +6 hand axe of Cesyit {freeze, rF+ rN++
                  | Int+3}
103868 | Tomb:3   | Identified the +0 battleaxe of Innocence {drain, rN+ Will+
                  | rCorr MP+9}
103993 | Tomb:3   | Got a golden rune of Zot
104834 | Pan      | Entered Pandemonium
105074 | Pan      | Noticed Byaf the pandemonium lord
105130 | Pan      | Killed Byaf the pandemonium lord
105652 | Pan      | Noticed Ceom the pandemonium lord
105687 | Pan      | Killed Ceom the pandemonium lord
106401 | Pan      | Found an exit through the horrors of the Abyss.
106544 | Pan      | Found a transporter.
106602 | Pan      | Reached skill level 27 in Shields
106692 | Pan      | Found a transporter.
106736 | Pan      | Identified the ring "Qixas" {rPois rF+ Dex+6}
106743 | Pan      | Identified the ring "Itaicyikug" {Contam rPois Will+ rCorr
                  | Str+4}
106911 | Pan      | Took an exit into the Abyss.
106911 | Abyss:5  | Escaped into the Abyss
107042 | Abyss:5  | Gained mutation: You sometimes lose the ability to drink
                  | potions when taking damage. [a shining eye]
107137 | Abyss:5  | Found a corrupted altar of Lugonu.
107227 | Abyss:6  | Found a corrupted altar of Lugonu.
107263 | Depths:2 | Escaped the Abyss
107588 | Zot:5    | Got the Orb of Zot
107864 | Depths:2 | Noticed Koud the pandemonium lord
107881 | Depths:2 | Killed Koud the pandemonium lord
107967 | D:15     | Noticed a seraph
107993 | D:15     | Killed a seraph
108337 | D:$      | Escaped with the Orb!

Illustrated notes

Levels and vault maps discovered:
D:1:      onia_arrival_zoo_common, layout_loops_ring
D:2:      layout_basic, ebering_ecumenical_altar_petrified
D:3:      layout_basic, old_standard_altar, chei_slow_surprise, serial_shops,
          shop, uniq_sigmund, uniq_grinder
D:4:      layout_basic, mainiacjoe_overflow_alcove_2,
          cheibrodos_sewer_entry_bend, serial_glass, glass_columns_b,
          glass_columns_a, feat_on_display, serial_bayou_lagoon_a
D:5:      layout_loops_ring, led_xom_imps, minmay_temple_entry_proselytizer,
          hex_large, serial_bayou_pond_c, nicolae_nh_ransacked_shop
D:6:      layout_gridville
D:7:      layout_loops_ring, nicolae_qazlal_scattered_showers
D:8:      kennysheep_six_static_rooms, layout_loops_ring,
          erik_lair_orcish_takeover, enter_bailey_2, uniq_psyche
D:9:      layout_grid_maze
D:10:     layout_irregular_city, mainiacjoe_overflow_six_doors_small,
          gammafunk_ghost_cemetery, nicolae_nh_oracle_at_delphi, uniq_grum
D:11:     layout_cave_pools, kennysheep_orc_monster_closet_entryway,
          uniq_erolcha
D:12:     layout_irregular_city, serial_shops, nicolae_stop_n_shop_1
D:13:     layout_irregular_city
D:14:     layout_basic, david_vaults_1, kennysheep_flooded_box
D:15:     hangedman_depths_entry_civil_slaughter, layout_basic,
          minmay_misc_feat_nine_boxes
Temple:   lightli_temple_of_artemis
Lair:1:   layout_chaotic_city
Lair:2:   layout_cellular_growth, nicolae_spider_entry_non_spiders,
          nicolae_volcano_entry_two_sided, lemuel_fruit_tree,
          infiniplex_staircase_pool_2, grunt_megastairs_5, uniq_maggie,
          uniq_fannar, uniq_nergalle
Lair:3:   layout_roguey, minmay_swamp_entry_worms, gammafunk_ghost_hydra_chop
Lair:4:   layout_cave_pods, slime_entry_1, portal_ice_cave_rime, uniq_rupert
Lair:5:   minmay_lair_end_enchanted_forest, layout_loops_ring, uniq_nessos
Swamp:1:  layout_basic_swamp, evilmike_swamp_ruin_house_4, swamp_pool1,
          cheibrodos_swamp_minitomb
Swamp:2:  layout_basic_swamp, evilmike_swamp_ruin_rubble_2
Swamp:3:  layout_basic_swamp, evilmike_swamp_ruin_house_3,
          beargit_elvish_explorers
Swamp:4:  swamp_old_school, layout_basic_swamp, swamp_pool4
Spider:1: layout_spider_delve, uniq_asterion
Spider:2: layout_spider_delve, hangedman_spider_tarantella_strand
Spider:3: layout_spider_delve, uniq_arachne, uniq_mara
Spider:4: spider_rune_water
Slime:1:  layout_caves, cheibrodos_slime_lost_civilization_6
Slime:2:  layout_caves, basic_altar, nicolae_slime_barrier,
          amcnicky_altar_lugonu_corruption
Slime:3:  layout_caves
Slime:4:  layout_caves, nicolae_slime_crime_time
Slime:5:  slime_pit_nicolae_amoeboid
Orc:1:    layout_diamond_mine
Orc:2:    grunt_orc_cross, layout_diamond_mine, serial_shops,
          nicolae_shop_drivethru, rock_pile
Elf:1:    eino_elf_arrival_sip, layout_loops_corners, serial_shops, shop,
          minivault_28
Elf:2:    nicolae_elf_blades_splatter_lattice [infiniplex_blade_entry_pillars],
          layout_geoelf_grid, st_stairs_14, uniq_roxanne
Elf:3:    minmay_elf_hall_circle, layout_geoelf_castle, minmay_shop_grove
Vaults:1: biasface_ghost_orc_armoury, v_pattern_4, hangedman_vaults_snaps,
          nicolae_vaults_corridor_and_loot_room, nicolae_vaults_trapezoid_2,
          nicolae_vaults_closet_pinwheel_2, hangedman_vaults_maws,
          vaults_room_semicircle, nicolae_vaults_rhombus_5,
          nicolae_vaults_gold_heap, nicolae_vaults_diamond_2,
          layout_vaults_omnigrid
Vaults:2: hangedman_vaults_stretched_pinwheel, v_rooms_6,
          nicolae_vaults_tetromino_Z_1, minmay_crypt_entry_simple_plaza,
          nicolae_vaults_little_squares_2, nicolae_vaults_two_Ls,
          nicolae_vaults_network_square, v_misc_30, vaults_room_hallway,
          vaults_room_corners, nicolae_vaults_variable_pillar_hall,
          nicolae_vaults_trapezoid_lopsided_3, vaults_room_pools,
          layout_vaults_omnicross, serial_shops, shop
Vaults:3: hangedman_vaults_locks, ontoclasm_vaults_shout,
          nicolae_vaults_apartment_1, v_misc_9, hangedman_vaults_unwind,
          v_rooms_3, nicolae_vaults_little_squares_1, vaults_dpeg_hooks,
          v_misc_10, v_misc_5, ontoclasm_vaults_ring_large,
          nicolae_vaults_variable_pillar_hall, nicolae_vaults_little_squares_5,
          nicolae_vaults_ring_of_whatevers, nicolae_vaults_trapezoid_lopsided_1,
          nicolae_vaults_variable_pillar_hall, nicolae_vaults_house_1,
          layout_vaults_ring, serial_shops, nicolae_shop_waterfront
Vaults:4: hellmonk_ghost_happy_afterlife, v_rooms_4, v_alt_pattern_4,
          nicolae_vaults_offset_grid_hallway_3,
          vaults_standard_mumra_enter_the_diamond,
          nicolae_vaults_diagonal_hallway_8, hangedman_vaults_corner_blocks,
          vaults_mumra_minichess, nicolae_vaults_inception_scallops,
          vaults_room_octagon, nicolae_vaults_whirlpool_walls,
          nicolae_vaults_six-pack, nicolae_vaults_angled_halls,
          layout_vaults_maze_bifur
Vaults:5
Crypt:1:  ragdoll_tomb_raider, layout_regular_city, grunt_crypt_arrival_webbed,
          uniq_jory, uniq_khufu
Crypt:2:  layout_chaotic_city, serial_sigils_hangedman_shear, uniq_margery
Crypt:3:  grunt_crypt_end_deaths_head, uniq_josephina, uniq_grunn, uniq_vv
Tomb:1
Tomb:2
Tomb:3
Depths:1: layout_honeycomb, nicolae_trove_entry_isolated,
          pf_hell_entry_tar_spiral, minmay_alternating_orb,
          serial_bayou_shore_b, serial_bayou_shore_b, uniq_enchantress
Depths:2: minmay_curly_fans, layout_basic, kennysheep_crisscross,
          rand_demon_pan_entry_7, hell_entry, abyss_entry_small_statue_room,
          nrook_campfire, infiniplex_staircase_trident
Depths:3: hangedman_stitches_corridor, layout_cave_shapes, serial_shops,
          bzr_entry_lakeside, chequers_serial_rivers_micro_b,
          pf_hell_entry_great_geh, abyss_entry
Depths:4: grunt_zot_entry_bicorn, layout_gridlike, enter_ziggurat_a,
          nicolae_hell_entry_hellmouth_sunbeams, serial_shops, shop_statue,
          minmay_misc_feat_cross, serial_curves, eino_curves_03, eino_curves_02,
          abyss_entry_flame_altar
Hell
Dis:1:    layout_subdivisions
Dis:2:    layout_subdivisions
Dis:3:    layout_regular_city
Dis:4:    layout_gridville, evilmike_ambush [evilmike_ambush_outer_corners,
          evilmike_ambush_inner_wall_2]
Dis:5:    layout_regular_city
Dis:6:    layout_jigsaw
Dis:7:    dis_st
Geh:1:    layout_gehenna_pools_triple, hangedman_elemental_grid_stream
Geh:2:    layout_gehenna_lava_caves, nicolae_geh_lava_in_the_way
Geh:3:    layout_gehenna_pools_basic, nicolae_geh_sunburst
Geh:4:    layout_gehenna_lava_caves, hangedman_elemental_corridor
Geh:5:    layout_gehenna_lava_caves
Geh:6:    layout_gehenna_lava_caves
Geh:7:    geh_grunt
Coc:1:    layout_cocytus_delve
Coc:2:    layout_ice_bergs
Coc:3:    layout_cocytus_delve
Coc:4:    layout_ice_bergs
Coc:5:    layout_cocytus_delve, serial_ice, serial_ice_d, serial_ice_e,
          serial_ice_a, serial_ice_h
Coc:6:    layout_ice_bergs
Coc:7:    coc_old
Tar:1:    layout_grid_maze
Tar:2:    layout_cathedral_of_symmetry
Tar:4:    layout_grid_maze
Tar:5:    layout_honeycomb
Tar:6:    layout_honeycomb
Tar:7:    tar_mu [tar_mu_maze]
Zot:1:    layout_misc_corridors, st_stairs_12
Zot:2:    layout_onion_interference, nzn_ghost_randoct, st_large_dragon_hoard_4
Zot:3:    layout_basic, ebering_ghost_reflecting_pool, basic_altar, door_vault,
          uniq_parghit
Zot:4:    layout_twisted_circle, st_single_dragon_hoard_2, lemuel_flame_loot_1
Zot:5:    layout_misc_corridors

Skill      XL: |  1  2  3  4  5  6  7  8  9 10 11 12 13 14 15 16 17 18 19 20 21 22 23 24 25 26 27 |
---------------+----------------------------------------------------------------------------------+-----
Short Blades   | 2 3 4 5 6 8 9 10 11 12 13 14 17 | 17.4
Fighting       | 3 4 5 6 8 9 10 12 13 14 15 16 18 19 20 21 26 | 26.6
Shields        | 3 4 5 6 8 11 12 13 15 16 17 18 27 | 27.0
Evocations     | 1 3 6 8 9 10 11 12 13 14 15 16 | 16.7
Hexes          | 1 |  1.9
Spellcasting   | 2 3 5 6 7 9 11 19 | 19.1
Ranged Weapons | 2 3 4 14 | 14.3
Dodging        | 1 4 5 8 9 11 12 13 15 16 24 | 24.3
Armour         | 5 6 7 8 9 16 | 16.6
Transmutations | 4 6 8 10 11 13 | 13.3
Stealth        | 2 7 11 13 14 25 | 25.0
Shapeshifting  | 3 7 9 23 | 23.0
Polearms       | 2 7 |  7.1
Conjurations   | 2 7 |  7.8
Throwing       | 8 |  8.1
Translocations | 12 | 12.5
Air Magic      | 7 |  7.1

Action                     |  1- 3 |  4- 6 |  7- 9 | 10-12 | 13-15 | 16-18 | 19-21 | 22-24 | 25-27 || total
---------------------------+-------+-------+-------+-------+-------+-------+-------+-------+-------++-------
  Melee: Rapier            |    32 |       |       |       |  1414 |  2475 |  1479 |       |       ||  5400
         Bite              |    23 |    21 |   170 |   369 |   781 |  1334 |  1484 |  1879 | 12655 || 18716
         Short sword       |    53 |    73 |   481 |   912 |   231 |   203 |    30 |       |       ||  1983
         Dagger            |       |       |    17 |       |   110 |    52 |       |    33 |       ||   212
         Quick blade       |       |       |       |       |       |       |  1138 |  2769 | 18494 || 22401
         Lance             |       |       |       |       |       |       |       |       |    74 ||    74
   Fire: Hand cannon       |       |       |    39 |       |     2 |       |       |       |       ||    41
         Greatsling        |       |       |       |       |       |       |       |    10 |   120 ||   130
  Throw: Throwing net      |       |     1 |       |       |       |       |       |       |     3 ||     4
         Dart              |       |       |       |     3 |     2 |       |       |       |       ||     5
   Cast: Wereblood         |       |       |       |       |       |     2 |       |     5 |     8 ||    15
         Ignite Poison     |       |       |       |       |       |       |       |       |     7 ||     7
         Irradiate         |       |       |       |       |       |       |       |       |     4 ||     4
         Vhi's Electric Ch |       |       |       |       |       |       |       |       |     3 ||     3
 Invoke: Call Merchant     |       |       |       |       |     3 |     1 |     2 |     2 |     9 ||    17
         Potion Petition   |       |       |       |       |     1 |       |       |       |    22 ||    23
Ability: Evoke Invisibilit |       |       |       |       |       |       |       |       |    13 ||    13
  Evoke: Wand              |       |       |     7 |    10 |    70 |     9 |     7 |     1 |    62 ||   166
         Lightning rod     |       |       |       |     4 |    14 |     5 |     9 |     2 |    15 ||    49
         Condenser vane    |       |       |       |     1 |     5 |     3 |     3 |       |    15 ||    27
         Sack of spiders   |       |       |       |       |       |       |       |       |     9 ||     9
         Phantom mirror    |       |       |       |       |       |       |       |       |     4 ||     4
    Use: Scroll            |       |       |    15 |     8 |     8 |    15 |    18 |     2 |    27 ||    93
         Potion            |       |       |       |     5 |     6 |     9 |     5 |     1 |    25 ||    51
   Stab: Distracted        |       |       |     3 |       |     3 |    11 |    13 |    19 |   288 ||   337
         Petrified         |       |       |       |     3 |       |       |       |       |       ||     3
         Confused          |       |       |       |     1 |     1 |     1 |       |     1 |     8 ||    12
         Invisible         |       |       |       |       |     3 |       |       |       |   125 ||   128
         Paralysed         |       |       |       |       |     1 |     3 |       |       |     2 ||     6
         Sleeping          |       |       |       |       |       |       |    12 |    50 |   186 ||   248
         Held in net/web   |       |       |       |       |       |       |       |       |    13 ||    13
         Petrifying        |       |       |       |       |       |       |       |       |     3 ||     3
 Armour: Scale mail        |    38 |    28 |   199 |       |       |       |       |       |       ||   265
         Chain mail        |       |       |    83 |   473 |   670 |  1256 |       |       |       ||  2482
         Robe              |       |       |       |       |     6 |       |       |       |       ||     6
         Troll leather arm |       |       |       |       |       |     2 |   382 |   260 |   907 ||  1551
         Gold dragon scale |       |       |       |       |       |       |       |       |   360 ||   360
  Dodge: Dodged            |    30 |    22 |   170 |   297 |   538 |   853 |   470 |   344 |  2846 ||  5570
         Repelled          |       |       |       |       |       |       |       |       |    12 ||    12
  Block: Buckler           |    12 |     9 |   121 |   217 |   199 |       |       |       |       ||   558
         Tower shield      |       |       |       |       |  1093 |  3692 |  2182 |  1478 | 10943 || 19388
         Reflection        |       |       |       |       |       |       |       |       |   103 ||   103
         Form:             |       |       |       |       |       |       |       |     1 |     4 ||     5
         Death             |       |       |       |       |       |       |       |     1 |     4 ||     5

Table legend: (Time is in decaauts)
 A = Elapsed time spent in this place.
 B = Non-inter-level travel time spent in this place.
 C = Inter-level travel time spent in this place.
 D = Time resting spent in this place.
 E = Time spent auto-exploring this place.
 F = Levels seen in this place.
 G = Mean time per level.
                   A        B        C        D        E       F      G
               +--------+--------+--------+--------+--------+-----+--------+
         Total | 102085 |  91478 |  10607 |   3893 |  51366 | 123 |  830.0 |
       Dungeon |  14739 |  11734 |   3005 |     85 |   8592 |  15 |  982.6 |
        Temple |     36 |     19 |     17 |      0 |      0 |   1 |   36.0 |
          Lair |   6486 |   5573 |    913 |     77 |   3635 |   5 | 1297.2 |
         Swamp |   5069 |   4888 |    181 |    624 |   2362 |   4 | 1267.2 |
   Spider Nest |   5183 |   4830 |    353 |    584 |   2513 |   4 | 1295.8 |
    Slime Pits |    872 |    850 |     22 |      0 |    276 |   5 |  174.4 |
  Orcish Mines |   2482 |   2005 |    477 |    426 |    834 |   2 | 1241.0 |
   Elven Halls |   4887 |   4422 |    465 |    530 |   2025 |   3 | 1629.0 |
        Vaults |   7643 |   6537 |   1106 |     33 |   4590 |   5 | 1528.6 |
         Crypt |   3225 |   2729 |    496 |      0 |   1862 |   3 | 1075.0 |
          Tomb |   3650 |   3368 |    282 |    100 |   1426 |   3 | 1216.7 |
        Depths |   7320 |   5569 |   1751 |     42 |   3585 |   4 | 1830.0 |
          Hell |    933 |    711 |    222 |      0 |    367 |   1 |  933.0 |
           Dis |   3489 |   3262 |    227 |      0 |   1667 |   7 |  498.4 |
       Gehenna |   2012 |   1923 |     89 |     13 |    756 |   7 |  287.4 |
       Cocytus |   2343 |   2091 |    252 |      0 |    891 |   7 |  334.7 |
      Tartarus |   3859 |   3604 |    255 |    105 |   1860 |   6 |  643.2 |
           Zot |   4933 |   4447 |    486 |     10 |   2621 |   5 |  986.6 |
         Abyss |    742 |    742 |      0 |      0 |     62 |   6 |  123.7 |
   Pandemonium |  19918 |  19918 |      0 |    893 |  11063 |  24 |  829.9 |
        Bazaar |    144 |    144 |      0 |      0 |     53 |   1 |  144.0 |
         Trove |    173 |    173 |      0 |      0 |      0 |   1 |  173.0 |
         Sewer |    425 |    425 |      0 |      0 |    204 |   1 |  425.0 |
        Bailey |    457 |    457 |      0 |     76 |      3 |   1 |  457.0 |
      Ice Cave |    490 |    490 |      0 |    216 |     15 |   1 |  490.0 |
       Volcano |    563 |    563 |      0 |     74 |     99 |   1 |  563.0 |
               +--------+--------+--------+--------+--------+-----+--------+

Top non-repeatable levels by time:
   Tar:7: 2880 daAuts
Spider:2: 2460 daAuts
   Elf:3: 2161 daAuts
Depths:1: 2108 daAuts
   Orc:2: 2070 daAuts
   Dis:7: 2023 daAuts
Depths:4: 1909 daAuts
Vaults:5: 1799 daAuts
  Tomb:1: 1776 daAuts
 Swamp:3: 1759 daAuts
Depths:3: 1652 daAuts
Depths:2: 1650 daAuts
Vaults:2: 1642 daAuts
 Swamp:4: 1546 daAuts
  Lair:2: 1545 daAuts
